Workbook
Name 施設n: #REF!
Name 施設n: #REF!
Name 施設n: #REF!
Name 選択２: [3]基礎!$C$4:$C$5
Name 選択５: [3]基礎!$F$4:$F$5
Name 選択６: [3]基礎!$G$4:$G$6
Name 選択８: [3]基礎!$I$4:$I$8

Sheet 表紙
A1: 令和８年度 指導監査事前提出資料
AP2: 記入日：令和 | AS2: 年 | AV2: 月 | AY2: 日
D3: 相模原市指導監査基準 軽費老人ホーム(ケアハウス)編対応
D6: 法人名
D7: 施設名 | AO7: 定員 | AY7: 名
D8: 所在地 | J8: 〒
D9: 電話 | AB9: Ｅ-mail
D10: 施設長氏名 | AB10: 記入者氏名
C12: ＜提出方法及び提出書類＞
D13: 提出方法 | I13: 提出書類 | Q13: 備考
D14: 電子メール、郵送又は窓口へ持参 | I14: 事前提出資料 | Q14: 自主点検記入欄に必要事項を記入してください。特に指定のない場合は前年度の実績、直近の状況については指導監査実施月の２月前の状況を記入してください。 ※「結果」の欄は、記入しないでください。
Q15: 記入方法 | S15: 水色のセル | X15: 計算式が入力されているため、自動表示されます。
S16: 桃色のセル | X16: セル選択時に右側に表示される「▼」をクリックし、選択肢の中から該当するものを選んでください。
S17: □（チェックボックス） | X17: □に☑の印を付けてください。
I18: 添付書類 | J18: 施設管理監査事項９、１３ | Q18: 職員の指導監査実施月の２月前の月の勤務状況がわかるもの（勤務シフト表等）
J19: 施設管理点検資料 | Q19: 施設管理点検資料１（軽費老人ホーム(ケアハウス)の１日当たりの一般入所者数） 施設管理点検資料２（従業者の勤務の体制及び勤務形態一覧表）
J20: 職員処遇 | Q20: 職員点検資料１（給料表を適用する職員の給与等の状況） 職員点検資料２（給料表を適用しない職員の給与等の状況）
J21: 会計 | Q21: 会計点検資料（契約の状況） 決算書自己点検シート（決算書と付属明細書等の整合性チェック等を独自システム等で行っている場合はその結果）
D22: 郵送又は窓口へ持参 | I22: 計算書類等 | Q22: 会計「計算書類等提出確認表」の確認欄で「有」と選択したもの（令和６年度決算分）
I23: 計算書類等提出確認表 | Q23: 確認欄を記入し、計算書類等と一緒に提出してください。
D24: ※送付先⇒ | I24: 郵送の場合：〒252-5277相模原市役所福祉基盤課指導監査室あて（住所記載不要）
I25: 電子メールの場合：fukushi-kiban@city.sagamihara.kanagawa.jp（福祉基盤課指導監査室あて）

Sheet 施設管理
E1: 施設名 | M1: =IF(表紙!J7="","",表紙!J7)
E2: ※施設名は自動表示されます。
A4: 令和８年度 指導監査事前提出資料 相模原市指導監査基準 軽費老人ホーム(ケアハウス)編対応 ～ 施 設 管 理 ～
A7: ※ 別シート「施設管理点検資料１(ケアハウスの1日当たりの一般入所者数)」及び「施設管理点検資料２(従業者の勤務の体制及び勤務形態一覧表)」も記入の 上、提出してください。 ※ 指導監査実施月の２月前の月の勤務シフト表をご提出ください。
A8: 項 目 | B8: 監査事項 | D8: 監査内容 | E8: 自主点検記入欄 | AA8: ※結果 | AE8: 市使用欄（※施設の方は、この枠内を変更しないでください。）
A9: １ 職員配置 （１）職員数
C10: ※軽費老人ホーム(ケアハウス)の定員等について、右の欄に記入してください。 | F10: 定員 | Q10: =表紙!AS7 -> 0 | T10: 人 | AE10: いる ・ いない | AF10: いない ・ いる | AG10: いる ・ いない ・ 該当なし | AH10: ある ・ ない | AI10: ない ・ ある | AJ10: 有 ・ 無 | AK10: 有 ・ 無 ・ 該当なし | AL10: 実施 ・ 実施なし | AM10: 実施 ・ 実施なし ・ 該当なし
F11: 単独・他の社会福祉施設と併設 | R11: 単独 | V11: 併設 | AE11: いる | AF11: いない | AG11: いる | AH11: ある | AI11: ない | AJ11: 有 | AK11: 有 | AL11: 実施 | AM11: 実施 | AN11: 就 | AO11: 就 | AP11: 〇
F12: 特定施設入居者生活介護の指定 | R12: 無 | V12: 有 | AE12: いない | AF12: いる | AG12: いない | AH12: ない | AI12: ある | AJ12: 無 | AK12: 無 | AL12: 実施なし | AM12: 実施なし | AN12: 給 | AO12: 育介
F13: 居室のタイプ | R13: 従来型 | V13: ユニット型 | AG13: 該当なし | AK13: 該当なし | AM13: 該当なし | AN13: 退
AN14: 他
B16: 1 | C16: 常勤の施設長が１人いること。 | D16: 施設長は常勤であり、かつ、原則として専ら当該軽費老人ホームの管理業務に従事すること。 ただし、以下の場合であって、当該事業所の管理業務に支障がないときは、他の職務を兼ねることができるものとする。 (１)当該軽費老人ホームの従業者としての職務に従事する場合 (２)同一の事業者によって設置された他の事業所、施設等の施設長又は従業者としての職務に従事する場合であって、当該他の事業所、施設等の施設長又は従業者としての職務に従事する時間帯も、当該軽費老人ホームの入所者へのサービス提供の場面等で生じる事象を適時かつ適切に把握でき、職員及び業務の一元的な管理・指揮命令に支障が生じない（※）ときに、当該他の事業所、施設等の施設長 又は従事者としての職務に従事する場合 ※管理すべき事業所数が過剰であると個別に判断される場合、併設される入所施設において入所者に対しサービス提供を行う看護・介護職員と兼務する場合、事故発生時等の緊急時において施設長自身が速やかに当該軽費老人ホームに駆け付けることができない体制となっている場合などは、管理業務に支障があると考えられる。 | F16: ◎いずれかを選択→ | M16: いる ・ いない | AA16: 適・否 （ ）
D30: 【常勤】 基準「施設管理」監査事項１を参照してください。（以降の監査事項においても同じ）
B35: 2 | C35: 生活相談員を必要数配置していること。 また、生活相談員を置く場合１人以上は、常勤の者であること。 | D35: 生活相談員が入所者の数が１２０又はその端数を増すごとに１人以上いること。 ただし、指定特定施設入居者生活介護(指定居宅サービス基準省令第１７４条第１項に規定する指定特定施設入居者生活介護をいう。以下同じ。)、指定介護予防特定施設入居者生活介護(指定予防サービス基準省令第２３０条第１項に規定する指定介護予防特定施設入居者生活介護をいう。以下同じ。)又は指定地域密着型特定施設入居者生活介護(指定地域密着型サービス基準省令第１０９条第１項に規定する指定地域密着型特定施設入居者生活介護をいう。以下同じ。)を行う軽費老人ホームにあっては、入所者に提供するサービスに支障がないときは、生活相談員のうち１人を置かないことができる。 生活相談員を置く場合にあっては、当該生活相談員のうち１人以上は、常勤の者であること。 | F35: ◎いずれかを選択→ | M35: いる ・ いない | AA35: 適・否 （ ）
F38: ◆生活相談員の配置状況（直近月）
F40: 必要数 | I40: 配置数 | L40: 常勤職員
H41: 人 | K41: 人 | L41: いる ・ いない
F43: ◆生活相談員のうち１人を置かないことができる要件
F44: （生活相談員を配置している場合、以下の記入は不要です。）
F46: 特定施設入居者生活介護等の指定 | R46: 有 ・ 無
F48: 提供するサービスに支障 | R48: 有 ・ 無
B53: 3 | C53: 介護職員を必要数配置していること。 また、介護職員を置く場合１人以上は、常勤の者であること。 | D53: 介護職員の総数は次のとおりとなっていること。 （１）一般入所者(入所者であって、指定特定施設入居者生活介護、指定介護予防特定施設入居者生活介護又は指定地域密着型特定施設入居者生活介護の提供を受けていない者をいう。以下同じ。)の数が３０以下の軽費老人ホームにあっては、常勤換算方法で、１以上 （２）一般入所者の数が３０を超えて８０以下の軽費老人ホームにあっては、常勤換算方法で、２以上 （３）一般入所者の数が８０を超える軽費老人ホームにあっては、常勤換算方法で、２に実情に応じた適当数（常勤換算方法で１以上）を加えて得た数 介護職員のうち１人以上は、常勤の者であること。ただし、入所者の身体機能の状況、併設する社会福祉施設等との連携、介護保険サービス等の活用その他の方法により当該軽費老人ホームの効果的な運営を期待することができる場合であって、入所者に提供するサービスに支障がないときは、あらかじめ入所者の全員の同意を得て、介護職員のうち１人を置かないことができるものとする。この場合、あらかじめ、介護職員のうち１人を置かないこととすることに伴う職員配置状況やサービスの内容等について十分に説明を行い、全ての入所者から同意を得ることが必要である。 なお、同意については、入所者及び軽費老人ホーム双方の保護の立場から書面によって確認すること。 また、介護職員のうち１人を置かないこととした後に入所する者については、入所契約に当たり、あらかじめ、当該サービスの内容、職員配置状況について十分に説明を行い、同意を得ることが必要である。 | F53: ◎いずれかを選択→ | M53: いる ・ いない | AA53: 適・否 （ ）
F56: ◆一般入所者数と介護職員の配置状況
F58: 一般入所者数
J59: 人
F60: (別シート「１日当たりの一般入所者数」の入所者数を記入してください。)
F62: 必要数 | I62: 配置数
H63: 人 | K63: 人 | L63: (常勤換算方法で算出した結果を記入してください。)
F64: (指導監査実施月の２月前の配置数)
F66: 介護職員のうち１人以上の常勤の者の配置 | R66: 有 ・ 無
F69: ◆介護職員のうち１人を置かないことができる要件
F70: （介護職員を配置している場合、以下の記入は不要です。）
G72: 効果的な運営 | P72: 適 ・ 否
F74: ※軽費老人ホームの効果的な運営を期待することができる理由
D81: 【常勤換算方法】 基準「施設管理」監査事項３を参照してください。（以降の監査事項においても同じ）
G82: 提供するサービスに支障 | P82: 有 ・ 無
G84: 入所者全員からの同意 | P84: 有 ・ 無
G86: 書面によって確認 | P86: 有 ・ 無
G88: 未配置決定後に入所した者への同意 | P88: 有 ・ 無
B94: 4 | C94: 生活相談員又は介護職員については、いずれか１人を配置していること。 | D94: 監査事項２及び３にかかわらず、生活相談員又は介護職員については、いずれか１人を置かなければならない。 | F94: ◎いずれかを選択→ | M94: いる ・ いない | AA94: 適・否 （ ）
G97: 生活相談員 | K97: 介護職員
G98: =IF(I41=0,"",I41) | J98: 人 | K98: =IF(I63=0,"",I63) | N98: 人
B101: 5 | C101: 栄養士又は管理栄養士を必要数配置していること。 | D101: 入所定員が４０人以下又は隣接の他の社会福祉施設や病院等の栄養士又は管理栄養士との兼務や地域の栄養指導員(健康増進法に規定する栄養指導員をいう。)との連携を図ることにより、適切な栄養管理が行われている場合であって、入所者に提供するサービスに支障がないときは、栄養士又は管理栄養士を置かないことができる。 | F101: ◎いずれかを選択→ | M101: いる ・ いない | AA101: 適・否 （ ）
G104: 必要数 | J104: 配置数
G105: 1 | I105: 人 | L105: 人
G106: (指導監査実施月の２月前の配置数)
F108: ◆栄養士又は管理栄養士を置かないことができる要件
F109: （栄養士又は管理栄養士を配置している場合、以下の記入は不要です。）
H111: 入所定員４０人以下
H113: 他の社会福祉施設や病院との兼務
H115: 地域の栄養指導員との連携
G117: ・提供するサービスへの支障 | Q117: ない ・ ある
B120: 6 | C120: 事務員を必要数配置していること。 | D120: 事務員は、入所定員が６０人以下の場合又は他の社会福祉施設等を併設する軽費老人ホームにおいては、入所者に提供するサービスに支障がない場合は、当該事務員を置かないことができる。 | F120: ◎いずれかを選択→ | M120: いる ・ いない | AA120: 適・否 （ ）
G123: 必要数 | J123: 配置数
G124: 1 | I124: 人 | L124: 人
G125: (指導監査実施月の２月前の配置数)
F127: ◆事務員を置かないことができる要件
F128: （事務員を配置している場合、以下の記入は不要です。）
H130: 入所定員60人以下
H132: 他の社会福祉施設等を併設
G134: ・提供するサービスへの支障 | Q134: ない ・ ある
B137: 7 | C137: 栄養士又は管理栄養士及び事務員のそれぞれのうち１人は、常勤であること。 | F137: ◎いずれかを選択→ | M137: である ・ でない | AA137: 適・否 （ ） | AE137: である ・ でない
AE138: である
F139: (栄養士又は管理栄養士及び事務員の配置がない場合、この監査事項の記入は不要です。) | AE139: でない
B141: 8 | C141: 調理員その他の職員を実情に応じた適当数配置していること。 | D141: 調理業務の全部を委託する軽費老人ホームにあっては、調理員を置かないことができる。 | F141: ◎いずれかを選択→ | M141: いる ・ いない | AA141: 適・否 （ ）
M144: 配置数
G145: 調理員 | R145: 調理業務の全部を委託
G146: その他の職員
B148: 9 | C148: 夜間及び深夜の時間帯を通じて１人以上の職員に宿直勤務又は夜間及び深夜の勤務（宿直勤務を除く。）を行わせていること。 | D148: 当該軽費老人ホームの敷地内に職員宿舎が整備されていること等により、職員が緊急時に迅速に対応できる体制が整備されている場合は、この限りでない。 | F148: ◎いずれかを選択→ | M148: いる ・ いない | AA148: 適・否 （ ）
F150: ※宿直勤務で対応している場合は、宿直勤務シフト表を添付してください。 ※夜間及び深夜の勤務で対応している場合は、添付された勤務シフト表で確認します。
A155: （２） 資格要件 | B155: 10 | C155: 施設長は資格要件を満たしていること。 | D155: 施設長は、社会福祉法第１９条第１項各号のいずれかに該当する者若しくは社会福祉事業に２年以上従事した者又はこれらと同等以上の能力を有すると認められる者であること。 【これらと同等以上の能力を有すると認められる者】 基準「施設管理」監査事項１０を参照してください。 | F155: ◎いずれかを選択→ | M155: いる ・ いない | AA155: 適・否 （ ）
F158: ◆資格要件(勤務体制・勤務形態一覧表の施設長)
F160: 資格要件 | K160: 社会福祉法第１９条第１項各号のいずれかに該当
L161: 大学等で社会福祉に関する科目を修めて卒業した者
L162: 養成機関又は講習会の課程を修了した者
L163: 社会福祉士
L164: 社会福祉事業従事者試験に合格した者
K165: 社会福祉事業に２年以上従事した者
K166: 社会福祉施設長資格認定講習課程修了者
K167: 同等以上の能力を有すると認められる者
B170: 11 | C170: 生活相談員は資格要件を満たしていること。 | D170: 生活相談員は、社会福祉法第１９条第１項各号のいずれかに該当する者又はこれと同等以上の能力を有すると認められる者であること。 【これと同等以上の能力を有すると認められる者】 基準「施設管理」監査事項１１を参照してください。 | F170: ◎いずれかを選択→ | M170: いる ・ いない | AA170: 適・否 （ ）
F172: (生活相談員の配置がない場合、この監査事項に係る記入は不要です。)
F174: ◆資格要件(勤務体制・勤務形態一覧表の生活相談員)
F176: 資格要件 | K176: 社会福祉法第１９条第１項各号のいずれかに該当
L177: 大学等で社会福祉に関する科目を修めて卒業した者
L178: 養成機関又は講習会の課程を修了した者
L179: 社会福祉士
L180: 社会福祉事業従事者試験に合格した者
K181: 同等以上の能力を有すると認められる者
A183: （３） 職員の専従 | B183: 12 | C183: 職員は、施設の専従であること。 | D183: 職員は、専ら当該軽費老人ホームの職務に従事する者でなければならない。ただし、入所者に提供するサービスに支障がない場合には、この限りでない。 入所者の処遇に万全を期するために、職員は当該施設の職務に専念すべきこととしたものであり、職員の他の職業との兼業を禁止する趣旨のものではなく、また、当該軽費老人ホームを運営する法人内の他の職務であっても、同時並行的に行われるものではない職務であれば、各々の職務に従事すべき時間帯が明確に区分された上で兼務することは差し支えないが、その際は、職員の採用及び事務分掌を決定するに当たっては、留意すること。 なお、ただし書については、直接入所者へのサービスの提供に当たる生活相談員及び介護職員については、適用すべきではなく、また、その他の職員についても同一敷地内に設置されている他の社会福祉施設等に兼ねて勤務する場合等であって、兼務によっても入所者へのサービスの提供に支障をきたさない場合に限り適用すること。 | F183: ◎いずれかを選択→ | M183: である ・ でない | AA183: 適・否 （ ）
F186: ※兼務を行っている職員について、兼務の有無について、別シート「従業者の勤務の体制及び勤務形態一覧表」に明示してください。
A200: （４）勤務体制の確保 | B200: 13 | C200: 入所者に対し、適切なサービスを提供できるよう、職員の勤務の体制を定めていること。 | D200: 軽費老人ホームごとに、原則として月ごとに勤務表を作成し、職員の日々の勤務時間、常勤・非常勤の別、生活相談員及び介護職員等の配置、施設長との兼務関係等を明確にすること。 | F200: ◎いずれかを選択→ | M200: いる ・ いない | AA200: 適・否 （ ）
F203: ※指導監査実施月の２月前の月の勤務シフト表及び別シート「従業者の勤務の体制及び勤務形態一覧表」をご提出ください。
B206: 14 | C206: 職員の勤務の体制を定めるに当たっては、入所者が安心して日常生活を送るために継続性を重視したサービスを提供できるよう配慮していること。 | D206: 可能な限り継続性を重視し、個別ケアの視点に立ったサービスの提供を行っていること。 | F206: ◎いずれかを選択→ | M206: いる ・ いない | AA206: 適・否 （ ）
A212: ２ 施設及び設備基準
A214: (1)構造設備の一般原則等 | B214: 15 | C214: 軽費老人ホームの配置、構造及び設備は、日照、採光、換気等入所者の保健衛生に関する事項及び防災について十分考慮されていること。 | F214: ◎いずれかを選択→ | M214: いる ・ いない | AA214: 適・否 （ ）
B221: 16 | C221: 設備は専ら当該軽費老人ホームの用に供していること。 | F221: ◎いずれかを選択→ | M221: いる ・ いない | AA221: 適・否 （ ）
A225: (２)設備基準 | B225: 17 | C225: 軽費老人ホームの建物は、基準に適合していること。 | D225: 軽費老人ホームの建物(入所者の日常生活のために使用しない附属の建物を除く。)は、耐火建築物(建築基準法第２条第９号の２に規定する耐火建築物をいう。以下同じ。)又は準耐火建築物(同条第９号の３に規定する準耐火建築物をいう。以下同じ。)であること。 ※上記にかかわらず、市長が、火災予防、消火活動等に関し専門的知識を有する者の意見を聴いて、次の各号のいずれかの要件を満たす木造かつ平屋建ての軽費老人ホームの建物であって、火災時における入所者の安全性が確保されているものと認めたときは、耐火建築物又は準耐火建築物とすることを要しない。 （１）スプリンクラー設備の設置、天井等の内装材等への難燃性の材料の使用、調理室等火災が発生するおそれがある箇所における防火区画の設置等により、初期消火及び延焼の抑制に配慮した構造であること。 （２）非常警報設備の設置等による火災の早期発見及び通報の体制が整備されており、円滑な消火活動が可能なものであること。 （３）避難口の増設、搬送を容易に行うために十分な幅員を有する避難路の確保等により、円滑な避難が可能な構造であり、かつ、避難訓練を頻繁に実施すること、配置人員を増員すること等により、火災の際の円滑な避難が可能なものであること。 | F225: ◎いずれかを選択→ | M225: いる ・ いない | AA225: 適・否 （ ）
B252: 18 | C252: 軽費老人ホームは、必要な設備を備えていること。 | D252: 次に掲げる設備を設けていること。 ただし、同一敷地内に他の社会福祉施設が設置されている場合等であって、当該施設の設備を利用することにより軽費老人ホームの効果的な運営が図られ、かつ、入所者へのサービスの提供に支障がない場合には、入所者が日常継続的に使用する設備以外の調理室等の設備について、その一部を設けないことができる。 なお、軽費老人ホームが利用する他の施設の当該設備については、軽費老人ホーム基準省令に適合していること。 （１）居室 （２）談話室、娯楽室又は集会室 （３）食堂 （４）浴室 （５）洗面所 （６）便所 （７）調理室 （８）面談室 (旧相談室) （９）洗濯室又は洗濯場 （１０）宿直室 （１１）(１)～(１０)に掲げるもののほか、事務室その他の運営上必要な設備 【１０程度の数の居室及び当該居室に近接して設けられる共同生活室(当該居室の入所者が談話室、娯楽室又は集会室及び食堂として使用することが可能な部屋をいう。以下同じ。)により構成される区画（以下ユニットという。）を有する場合】 （１２）共同生活室 なお、談話室、食堂、浴室等面積又は数の定めのない設備については、それぞれの設備の持つ機能を十分に発揮し得る適当な広さ又は数を確保するよう配慮すること。 | F252: ◎いずれかを選択→ | M252: いる ・ いない | AA252: 適・否 （ ）
F254: ◆設備の有無
...

Sheet 施設管理点検資料１
A1: 軽費老人ホーム(ケアハウス)の1日当たりの一般入所者数
A2: 施設名 | B2: =IF(表紙!J7="","",表紙!J7)
A4: ・施設の状況に応じて、以下の４つの表のいずれかに記入し、１日当たりの入所者数又は推定数を記入してください。
A5: ・１日当たり入所者数は、計算期間中の１日当たりの平均入所者数（当該計算期間の全入所者の延数÷当該計算期間の日数）です。
A6: ・推定数は事業実績が６月未満の場合、定員の９０％で算出したものです。
A7: （注１）退所、入院又は外泊により介護保険の報酬をまったく算定しなかった日は除いてください。
A8: （注２）計算については、小数点第２位以下を切上げしてください。
F9: 定員数 | H9: =表紙!AS7 -> 0 | I9: 人
A10: １ 前年度の実績
A11: 昨年４月～ 今年３月 | B11: 昨年 | K11: 今年 | N11: 日 数 | O11: １日当たり
B12: ４月 | C12: ５月 | D12: ６月 | E12: ７月 | F12: ８月 | G12: ９月 | H12: １０月 | I12: １１月 | J12: １２月 | K12: １月 | L12: ２月 | M12: ３月 | O12: 入所者数
N13: 365
A15: ２ 新設又は定員増の場合【新設又は定員増の時点から１年以上経過している場合】
A16: 直近月までの １２月分の実績 | B16: 年 | N16: 日 数 | O16: １日当たり
B17: 月 | C17: 月 | D17: 月 | E17: 月 | F17: 月 | G17: 月 | H17: 月 | I17: 月 | J17: 月 | K17: 月 | L17: 月 | M17: 月 | O17: 入所者数
A20: ３ 新設又は定員増の場合【新設又は定員増の時点から６月以上１年未満の場合】
A21: 直近月までの ６月分の実績 | B21: 年 | H21: 日 数 | I21: １日当たり
B22: 月 | C22: 月 | D22: 月 | E22: 月 | F22: 月 | G22: 月 | I22: 入所者数
A25: ４ 新設又は定員増の場合【新設又は定員増の時点から６月未満の場合】 ⇒ 定員の９０％を記入してください。
A26: 定員 | B26: 推定数
A29: ５ 定員減の場合（定員減の実績が３月以上ある時）
A30: 定員減少後 直近月までの実績 | B30: 年 | N30: 日 数 | O30: １日当たり
B31: 月 | C31: 月 | D31: 月 | E31: 月 | F31: 月 | G31: 月 | H31: 月 | I31: 月 | J31: 月 | K31: 月 | L31: 月 | M31: 月 | O31: 入所者数

Sheet 施設管理点検資料２
A2: 従業者の勤務の体制及び勤務形態一覧表 | K2: （ | M2: 年 | O2: 月分）※指導監査実施月の２月前の月
A3: (軽費老人ホーム(ケアハウス)用) | R3: 施設名（ | U3: =IF(表紙!J7="","",表紙!J7) | AK3: ）
A5: 職 種 | B5: 勤務 | C5: 資 格 | D5: 氏 名 | E5: 1 | F5: 2 | G5: 3 | H5: 4 | I5: 5 | J5: 6 | K5: 7 | L5: 8 | M5: 9 | N5: 10 | O5: 11 | P5: 12 | Q5: 13 | R5: 14 | S5: 15 | T5: 16 | U5: 17 | V5: 18 | W5: 19 | X5: 20 | Y5: 21 | Z5: 22 | AA5: 23 | AB5: 24 | AC5: 25 | AD5: 26 | AE5: 27 | AF5: 28 | AG5: 29 | AH5: 30 | AI5: 31 | AJ5: この月の | AK5: 常勤換算後の人数
B6: 形態 | AJ6: 合計
A7: 施設長
A9: 生活相談員
A14: 生活相談員 計
A16: ＜記載上の注意事項＞
A17: 各職種ごとに、日付に対応する欄には勤務した時間数（実績）を記入してください。
A18: 兼務している職員については、勤務時間を各職種で按分し、当該職種に従事した時間数を記入してください。
A19: 勤務形態は、Ａ～Ｄで記入してください。 Ａ：常勤専従 Ｂ：常勤兼務 Ｃ：非常勤専従 Ｄ：非常勤兼務
A20: 夜勤等については、網掛けをして表示してください。
A22: 計算はすべて小数点第２位以下を切り捨てです。
A24: 常勤職員が勤務すべき１週あたりの勤務日数、勤務時間 | L24: 日 | M24: (a) | O24: 週 | R24: 時間 | T24: (b)
A26: 常勤職員が勤務すべき１日あたりの勤務時間 | J26: 時間 | L26: （c）
A28: この月に常勤職員が通常勤務すべき日数 | H28: 日 （d）
A29: 常勤職員の勤務すべき曜日が同じ場合 当該月の常勤職員が勤務すべき曜日を足し上げた日数
A30: 常勤職員によって勤務すべき曜日が異なる場合の常勤職員が通常勤務すべき日数の計算方法 （a）×4＋｛（月の日数-28）×（a）÷7 ｝
A32: 常勤職員の１月間における勤務すべき時間数 | G32: （c）×（d） | N32: 時間 | P32: (e)
A34: ●常勤換算…常勤専従職員の人数＋（常勤・非常勤兼務職員の当該職種の勤務時間数＋非常勤専従職員の勤務時間数）÷常勤職員の１月間における勤務すべき時間数(e)
A37: 従業者の勤務の体制及び勤務形態一覧表(軽費老人ホーム(ケアハウス)用) | U37: （ | W37: 年 | Y37: 月分）
R38: 施設名（ | U38: =IF(表紙!J7="","",表紙!J7) | AK38: ）
A40: 職 種 | B40: 勤務 | C40: 資 格 | D40: 氏 名 | E40: 1 | F40: 2 | G40: 3 | H40: 4 | I40: 5 | J40: 6 | K40: 7 | L40: 8 | M40: 9 | N40: 10 | O40: 11 | P40: 12 | Q40: 13 | R40: 14 | S40: 15 | T40: 16 | U40: 17 | V40: 18 | W40: 19 | X40: 20 | Y40: 21 | Z40: 22 | AA40: 23 | AB40: 24 | AC40: 25 | AD40: 26 | AE40: 27 | AF40: 28 | AG40: 29 | AH40: 30 | AI40: 31 | AJ40: この月の | AK40: 常勤換算後の人数
B41: 形態 | AJ41: 合計
A42: 栄養士
A46: 栄養士 計
A47: 調理員
A50: 調理員 計
A51: 介護職員
A67: 介護職員 計

Sheet 職員処遇
E1: 施設名 | M1: =IF([4]表紙!H5="","",[4]表紙!H5)
E2: ※施設名は自動表示されます。
A5: 令和８年度 指導監査事前提出資料 相模原市指導監査基準対応（社会福祉施設共通） ～ 職 員 処 遇 ～
A7: ※ 別シート「職員点検資料１」(給料表を適用する職員の給与等の状況)、「職員点検資料２」(給料表を適用しない職員の給与等の状況) も記入の上、提出してください。
A8: 項 目 | B8: 監査事項 | D8: 監査内容 | E8: 自主点検記入欄 | Y8: ※結果 | AC8: 市使用欄（※施設の方は、この枠内を変更しないでください。）
A10: １ 就業規則 （１）就業規則の整備 | B10: 1 | C10: 作成、変更した就業規則(給与規程、育児休業・介護休業規則等を含む。以下同じ。)は、労働基準監督署に届け出ていること。 | D10: 常時１０人以上の労働者を使用する使用者は就業規則を作成し、労働組合又は労働者を代表する者の意見書を添えて、労働基準監督署に届け出ていること。変更届についても同様であること。 | F10: ◎いずれかを選択→ | M10: いる ・ いない | Y10: 適・否 （ ） | AC10: いる ・ いない | AD10: いない ・ いる | AE10: いる ・ いない ・ 該当なし | AF10: ある ・ ない | AG10: ない ・ ある | AH10: 有 ・ 無 | AI10: 有 ・ 無 ・ 該当なし | AJ10: 実施 ・ 実施なし | AK10: 実施 ・ 実施なし ・ 該当なし | AO10: 適 ・ 否
AC11: いる | AD11: いない | AE11: いる | AF11: ある | AG11: ない | AH11: 有 | AI11: 有 | AJ11: 実施 | AK11: 実施 | AL11: 就 | AM11: 就 | AO11: 適
AC12: いない | AD12: いる | AE12: いない | AF12: ない | AG12: ある | AH12: 無 | AI12: 無 | AJ12: 実施なし | AK12: 実施なし | AL12: 給 | AM12: 育介 | AO12: 否
F13: ◆主な規則の改正状況及び労働基準監督署への届出状況 | AE13: 該当なし | AI13: 該当なし | AK13: 該当なし | AL13: 退
AL14: 他
F15: 規則の種類 | K15: 改定日(直近） | T15: 労働基準監督署への届出 | AL15: 就・給・退・他
F17: 就業規則 | M17: 年 | P17: 月 | S17: 日
F18: 給与規程 | M18: 年 | P18: 月 | S18: 日
F19: 育児休業・介護休業規則 | M19: 年 | P19: 月 | S19: 日
B21: 2 | C21: 就業規則に必ず記載しなければならない事項を記載していること。 | D21: １ 必ず記載しなければならない事項 （１）始業及び終業の時刻、休憩時間、休日、休暇並びに労働者を２組以上に分けて交替に就業させる場合は就業時転換に関する事項 （２）賃金(臨時の賃金等を除く。)の決定、計算及び支払の方法、賃金の締切り及び支払の時期並びに昇給に関する事項 （３）退職に関する事項(解雇の事由及び６５歳までの雇用確保措置を含む。) ２ 定める場合は必ず記載しなければならない事項 （１）退職手当が適用される労働者の範囲、退職手当の決定、計算及び支払方法並びに退職手当の支払の時期に関する事項 （２）臨時の賃金等(退職手当を除く。)及び最低賃金額に関する事項 （３）労働者に食費、作業用品その他の負担をさせることに関する事項 （４）安全及び衛生に関する事項 （５）職業訓練に関する事項 （６）災害補償及び業務外の傷病扶助に関する事項 （７）表彰及び制裁の種類及び程度に関する事項 （８）その他、事業場の労働者すべてに適用される事項 | F21: ◎いずれかを選択→ | M21: いる ・ いない | Y21: 適・否 （ ）
F24: ◆規定の状況
F25: (該当条の欄は、該当する条番号をすべて記入してください。)
F26: ※選択肢 | J26: 就…就業規則 | P26: 退…退職金規程
J27: 給…給与規程 | P27: 他…その他個別規程
F29: １ 絶対的必要記載事項 | Q29: 規定※ | T29: 該当条
F30: （1） | G30: 始業及び終業の時刻・休憩時間 | W30: 条
G31: 休日 | W31: 条
G32: 休暇 | W32: 条
G33: 就業時転換(該当する場合) | W33: 条
F34: （2） | G34: 賃金の決定 | W34: 条
G35: 計算・支払方法 | W35: 条
G36: 賃金の締切・支払の時期 | W36: 条
G37: 昇給 | W37: 条
F38: （3） | G38: 退職 | W38: 条
G39: 解雇の事由 | W39: 条
G40: ６５歳までの雇用確保措置 | W40: 条
F42: ２ 相対的必要記載事項 | Q42: 規定※ | T42: 該当条
F43: （1） | G43: 退職手当 | W43: 条
F44: （2） | G44: 臨時の賃金等・最低賃金額 | W44: 条
F45: （3） | G45: 費用負担 | W45: 条
F46: （4） | G46: 安全・衛生 | W46: 条
F47: （5） | G47: 職業訓練 | W47: 条
F48: （6） | G48: 災害補償・業務外傷病扶助 | W48: 条
F49: （7） | G49: 表彰・制裁 | W49: 条
F50: （8） | G50: その他、労働者すべてに適用される事項 | Q50: 有 ・ 無
B54: 3 | C54: 作成、変更した就業規則を労働者に周知していること。 | D54: 使用者は、就業規則を常時、各作業場の見やすい場所へ掲示し又は備え付けること、書面を交付すること等によって、労働者に周知していること。 | F54: ◎いずれかを選択→ | M54: いる ・ いない | Y54: 適・否 （ ）
F57: ◆就業規則の周知方法(該当するものに〇を記入)
H58: 配布 | L58: 配架
H59: その他（ | X59: ）
A67: （２）労働時間 | B67: 4 | C67: 労働時間は、法令及び就業規則のとおり適切であること。 また、労働者の労働時間を適正に把握していること。 | D67: （１）就業規則に定める所定労働時間は、法定労働時間(休憩時間を除き１日８時間、週４０時間)以内であること。また、勤務実態は、就業規則のとおりであること。 （２）労働者の労働日ごとの始業・終業時刻を確認して記録し、労働時間を適正に把握していること。 | F67: ◎いずれかを選択→ | M67: ある ・ ない | Y67: 適・否 （ ）
F70: ◆始業・終業時刻の確認方法
H71: 使用者が自ら現認
H72: 客観的な記録（タイムカード、パソコンの使用記録等）
H73: 自己申告制（やむを得ず上記方法によることができない場合に限る。）
A83: （３）休憩・休日等 | B83: 5 | C83: 労働者に対し、休憩時間及び休日等を法令及び就業規則に定めるとおり適切に与えていること。 | D83: （１）休憩時間…労働時間の途中に、労働時間が６時間を超える場合は少なくとも４５分、８時間を超える場合は少なくとも１時間 （２）休日…毎週少なくとも１回（４週間を通じ４日以上の休日を与えている場合は適用しない。）。 （３）年次有給休暇…適切な日数を与え、請求された場合は、適切に与えていること。なお、年１０日以上付与される職員に対しては、付与した日数のうち年５日について時季を指定して取得させていること。 | F83: ◎いずれかを選択→ | M83: いる ・ いない | Y83: 適・否 （ ）
A96: （４）育児・介護等を行う労働者に対する措置等 | B96: 6 | C96: 育児及び家族の介護等を行う労働者に対する措置を規定し、適切に実施していること。 | D96: 次に掲げる措置について規定し、適切に実施していること。 （１）産前・産後休暇 （２）育児休業 （３）介護休業 （４）子の看護等休暇(1時間単位の取得可) （５）介護休暇(1時間単位の取得可) （６）所定外労働、時間外労働及び深夜業の制限 （７）所定労働時間の短縮等の措置 （８）育児休業の申出・取得を円滑にするための雇用環境の整備に関する措置 （９）妊娠・出産（本人又は配偶者）の申出をした労働者に対して事業主から個別の制度周知及び休業の取得意向の確認のための措置 ※ （９）の措置を講じるに当たっては、（９）の規定による申出に係る⼦の⼼⾝の状況⼜は育児に関する当該申出をした労働者の家庭の状況に起因して当該⼦の出⽣の⽇以後に発⽣し、⼜は発⽣することが予想される職業⽣活と家庭⽣活との両⽴の⽀障となる事情の改善に資するものとして厚⽣労働省令で定める就業に関する条件に係る当該労働者の意向を確認しなければならない。また、事業主は、（９）の規定により意向を確認した労働者に係る就業に関する条件を定めるに当たっては、当該意向に配慮しなければならない。 | F96: ◎いずれかを選択→ | M96: いる ・ いない | Y96: 適・否 （ ）
F98: ◆規定の状況
F99: ※選択肢 | J99: 就…就業規則
J100: 育介…育児・介護休業規程等の個別規程
G101: 規定※ | J101: 該当条 | P101: 規定※ | S101: 該当条
F102: （1） | N102: 条 | O102: （6） | S102: 育 | W102: 条
F103: （2） | N103: 条 | S103: 介 | W103: 条
F104: （3） | N104: 条 | O104: （7） | S104: 育 | W104: 条
F105: （4） | N105: 条 | S105: 介 | W105: 条
F106: （5） | N106: 条 | O106: （8） | W106: 条
O107: （9） | W107: 条
B118: 7 | C118: 妊娠・出産・育児休業・介護休業等を理由とする不利益取扱いを行っていないこと。 | D118: 育児休業・介護休業等を理由とする嫌がらせ等について、労働者からの相談に応じ、適切に対応するために必要な体制の整備その他の雇用管理上必要な措置を講じ、妊娠・出産・育児休業・介護休業等を理由とする解雇その他不利益取扱いを行っていないこと。 | F118: ◎いずれかを選択→ （いるの場合不適合） | M118: いる ・ いない | Y118: 適・否 （ ）
A124: (５)ハラスメント防止のための措置 | B124: 8 | C124: 職場におけるパワーハラスメント・セクシャルハラスメント・妊娠、出産等に関するハラスメント（以下「ハラスメント」という。）の防止措置を講じていること。 | D124: 事業主は、職場において行われるハラスメントにより当該労働者の就業環境が害されることのないよう、当該労働者からの相談に応じ、適切に対応するために必要な体制の整備その他の雇用管理上次の必要な措置を講じていること。 (１)事業主の方針等の明確化及びその周知・啓発を行うこと。 ア 職場におけるハラスメントの内容及び職場におけるハラスメントを行ってはならない旨の方針を明確化し、管理監督者を含む労働者に周知・啓発すること。 イ 職場におけるハラスメントに係る言動を行った者については、厳正に対処する旨の方針及び対処の内容を就業規則その他の職場における服務規律等を定めた文書に規定し、管理監督者を含む労働者に周知・啓発すること。 | F124: ◎いずれかを選択→ | M124: いる ・ いない | Y124: 適・否 （ ）
F127: ◆事業主の方針等の明確化及びその周知・啓発すること。
F128: ア | G128: 職場におけるハラスメントの内容及び職場におけるハラスメントを行ってはならない旨の方針を明確化し、管理監督者を含む労働者に周知・啓発すること。
F132: イ | G132: 職場におけるハラスメントに係る言動を行った者については、厳正に対処する旨の方針及び対処の内容を就業規則その他の職場における服務規律等を定めた文書に規定し、管理監督者を含む労働者に周知・啓発すること。
D138: (2)相談に応じ、適切に対応するために必要な体制の整備を行うこと。 ア 相談への対応のための窓口（以下「相談窓口」という。）をあらかじめ定め、労働者に周知すること。 イ アの相談窓口の担当者が、相談に対し、その内容や状況に応じ適切に対応できるようにすること。 | F138: ◆相談に応じ、適切に対応するために必要な体制の整備を行うこと。
F140: ア | G140: 相談への対応のための窓口（以下「相談窓口」という。）をあらかじめ定め、労働者に周知すること。
F142: イ | G142: アの相談窓口の担当者が、相談に対し、その内容や状況に応じ適切に対応できるようにすること。
D147: (3)職場におけるハラスメントに係る事後の迅速かつ適切な対応をすること。 ア 事案に係る事実関係を迅速かつ正確に確認すること。 イ アにより、職場におけるハラスメントが生じた事実が確認できた場合においては、速やかに被害を受けた労働者(以下「被害者」という。）に対する配慮のための措置を適正に行うこと。 ウ アにより、職場におけるハラスメントが生じた事実が確認できた場合においては、行為者に対する措置を適正に行うこと。 エ 改めて職場におけるハラスメントに関する方針を周知・啓発する等再発防止に向けた措置を講ずること。 | F147: ◆職場におけるハラスメントに係る事後の迅速かつ適切な対応をすること。
F149: ア | G149: 事案に係る事実関係を迅速かつ正確に確認すること。
F151: イ | G151: アにより、職場におけるハラスメントが生じた事実が確認できた場合においては、被害者に対する配慮のための措置を適正に行うこと。
F153: ウ | G153: アにより、職場におけるハラスメントが生じた事実が確認できた場合においては、行為者に対する措置を適正に行うこと。
F155: エ | G155: 改めて職場におけるハラスメントに関する方針を周知・啓発する等再発防止に向けた措置を講ずること。
D160: (4) (１)から（３）までの措置を講ずるに際して、次の措置を講じていること。 ア 職場におけるハラスメントに係る相談者・行為者等の情報は当該相談者・行為者等のプライバシーに属するものであることから、相談への対応又は当該ハラスメントに係る事後の対応に当たっては、相談者、行為者等のプライバシーを保護するために必要な措置を講ずることともに、その旨を労働者に対して周知すること。 イ 労働施策総合推進法第30 条の２第２項、第30 条の５第２項及び第30 条の６第２項の規定を踏まえ、労働者が職場におけるハラスメントに関し相談をしたこと若くは事実関係の確認等の事業主の雇用管理上講ずべき措置に協力したこと、都道府県労働局に対して相談、紛争解決の援助の求め若しくは調停の申請を行ったこと又は調停の出頭の求めに応じたことを理由として、解雇その他不利益な取扱いをされない旨を定め、労働者に周知・啓発すること。 | F160: ◆(１)から（３）までの措置を講ずるに際して、次の措置を講じていること。
F162: ア | G162: 相談者、行為者等のプライバシーを保護するために必要な措置を講ずることともに、その旨を労働者に対して周知すること。
F164: イ | G164: ハラスメントに関し相談したこと、事実関係の確認に協力したこと等を理由として、解雇その他不利益な取扱いをされない旨を定め、労働者に周知・啓発すること。
B173: 9 | C173: 事業主は、労働者がハラスメントに関し相談を行つたこと又は事業主による当該相談への対応に協力した際に事実を述べたことを理由として、当該労働者に対して解雇その他不利益な取扱いをしていないこと。 | D173: 左記の記載のとおり。 | F173: ◎いずれかを選択→ （いるの場合不適合） | O173: いる ・ いない | Y173: 適・否 （ ）
A180: （６）宿直 | B180: 10 | C180: 職員に宿直をさせる場合、労働基準監督署の許可を得ていること。 | D180: （１）宿直の専門職員に宿直をさせる場合（外部委託する場合を除く。） 労働基準監督署に「監視・断続的労働に従事する者に対する適用除外許可申請書」を提出し、許可を受けていること。 （２）その他職員に通常勤務に加えて宿直をさせる場合 労働基準監督署に「断続的な宿直又は日直勤務許可申請書」を提出し、許可を受けていること。 | F180: ◎いずれかを選択→ | M180: いる ・ いない ・ 該当なし | Y180: 適・否 （ ）
F183: ◆最新の許可の状況
N184: 労働基準監督署許可年月日
F185: (1)監視・断続的労働に従事する者に対する適用除外許可 | Q185: 年 | T185: 月 | W185: 日
F187: (2)断続的な宿直又は日直勤務許可 | Q187: 年 | T187: 月 | W187: 日
A190: （７）給与等 | B190: 11 | C190: 給与等は、就業規則に定めるとおり適切に支給していること。 | D190: 就業規則の内容と給与の実態が一致していること。 （１）初任給が規程どおりであること。 （２）昇給及び昇格は規程どおりであること。 （３）諸手当は規程どおりであること。 | F190: ◎いずれかを選択→ | M190: いる ・ いない | Y190: 適・否 （ ）
A195: ２ 労働組合又は労働者を代表する者との協定（以下、労使協定という。） | B195: 12 | C195: 時間外又は休日に労働をさせる場合は、労使協定を締結し、労働基準監督署に届け出ていること。 | D195: 左記の記載のとおり。 | F195: ◎いずれかを選択→ | M195: いる ・ いない ・ 該当なし | Y195: 適・否 （ ）
F198: ◆時間外労働・休日労働に係る労使協定（３６協定）等の状況
F199: 労働基準監督署 届出年月日 | Q199: 年 | T199: 月 | W199: 日
F201: 協定期間 | Q201: 年 | T201: 月 | W201: 日
T202: から１年間
B205: 13 | C205: 賃金から法令で定められているもの以外を控除する場合は、労使協定を締結していること。 | D205: 左記の記載のとおり。 | F205: ◎いずれかを選択→ | M205: いる ・ いない ・ 該当なし | Y205: 適・否 （ ）
F208: ◆法定外賃金控除に係る労使協定（２４協定）の状況
F209: 協定締結日 | Q209: 年 | T209: 月 | W209: 日
F211: 協定内容
B215: 14 | C215: 変形労働時間制を行う場合は、労使協定等により必要事項を定め、必要な手続きを行っていること。 | D215: （１）１ヶ月単位の変形労働時間制 労使協定又は就業規則その他これに準ずるものにより対象労働者の範囲等の必要事項を定め、労使協定によった場合は、協定書を労働基準監督署に届け出ていること。 （２）１年単位の変形労働時間制 労使協定により対象労働者の範囲等の必要事項を定め、協定書を労働基準監督署に届け出ていること。 | F215: ◎いずれかを選択→ | M215: いる ・ いない ・ 該当なし | Y215: 適・否 （ ）
F218: ◆変形労働時間制の状況
K219: 手続きの実施状況
F220: １ヶ月単位 の場合 | L220: 就業規則等への規定
L221: 労使協定及び労働基準監督署への届出
F222: １年単位 の場合 | L222: 労使協定及び労働基準監督署への届出
A225: ３ 人事管理 （１）労働条件の明示 | B225: 15 | C225: 労働契約の締結に際し、労働条件を適切に明示していること。 | D225: 使用者は、労働契約の締結に際し、労働者に対して賃金、労働時間その他の労働条件を文書の交付により明示していること(労働者が希望した場合は、ファクシミリ又は電子メール等による明示が可能)。 （１）労働契約の期間に関する事項 （２）期間の定めのある労働契約を更新する場合の基準に関する事項 （３）就業の場所及び従事すべき業務に関する事項 （４）始業及び終業の時刻、所定労働時間を超える労働の有無、休憩時間、休日、休暇並びに労働者を２組以上に分けて就業させる場合における就業時転換に関する事項 （５）賃金(退職手当及び臨時の賃金等を除く。以下この項目において同じ。)の決定、計算及び支払の方法、賃金の締切り及び支払の時期に関する事項 （６）退職に関する事項(解雇の事由を含む。) ※短時間・有期雇用労働者に対しては、上記（１）～（６）のほか、次の事項についても明示していること。 （７）昇給、退職手当及び賞与の有無 （８）雇用管理の改善等に関する事項に係る相談窓口 | F225: ◎いずれかを選択→ | M225: いる ・ いない | Y225: 適・否 （ ）
...

Sheet 職員点検資料１
E1: １ 給料表を適用する職員の給与等の状況 | I1: （ 年 月１日現在） | R1: 職員点検資料１
E2: ※指導監査実施月の２月前の１日現在の職員すべてについて記入してください。 例）指導監査実施月が７月 ⇒ ５月１日現在
A3: 相模原市 使用欄 | E3: № | F3: 氏名 | G3: 職種 | H3: 従事する職務に 係る資格の名称 | I3: 深夜 業務 従事 | J3: 採用年月日 | K3: 社会福祉事業従事年数 | L3: 前年度の４月の給与の状況 （年度途中の採用職員は採用時の状況） | P3: 今年度の４月の給与の状況 （年度途中の採用職員は採用時の状況） | T3: 社会保険加入状況 | X3: 備考 （育休、退職、異動、事由発生日等）
A4: 雇契 | B4: 雇健 | C4: 健前 | D4: 健今 | L4: 等級 号 | N4: 基本給の額 | P4: 等級 号 | R4: 基本給の額 | T4: 健康保険 | U4: 厚生年金 | V4: 雇用保険 | W4: 労災保険
E6: 例 | F6: 相模 太郎 | G6: 管理者 | H6: 保育士 | I6: 無 | J6: 32964 | K6: 32 | L6: 4-10 | N6: 350000 | O6: 円 | P6: 4-15 | R6: 355000 | S6: 円 | T6: ○ | U6: ○ | V6: ○ | W6: ○ | X6: 育休 R5.4.1
E7: 1 | O7: 円 | S7: 円
E8: 2 | O8: 円 | S8: 円
E9: 3 | O9: 円 | S9: 円
E10: 4 | O10: 円 | S10: 円
E11: 5 | O11: 円 | S11: 円
E12: 6 | O12: 円 | S12: 円
E13: 7 | O13: 円 | S13: 円
E14: 8 | O14: 円 | S14: 円
E15: 9 | O15: 円 | S15: 円
E16: 10 | O16: 円 | S16: 円
E17: 11 | O17: 円 | S17: 円
E18: 12 | O18: 円 | S18: 円
... E56: 50 | O56: 円 | S56: 円

Sheet 職員点検資料２
E1: ２ 給料表を適用しない職員の給与等の状況 | I1: （ 年 月１日現在） | S1: 職員点検資料２
E2: ※指導監査実施月の２月前の１日現在の職員すべてについて記入してください。 例）指導監査実施月が７月 ⇒ ５月１日現在
A3: 相模原市 使用欄 | E3: № | F3: 氏名 | G3: 職種 | H3: 従事する職務に 係る資格の名称 | I3: 深夜 業務 従事 | J3: 採用年月日 | K3: 契約期間 （定めなし・定めありから選択） | L3: 社会福祉事業従事年数 | M3: 勤務の状況 | U3: 社会保険加入状況 | Y3: 備考 （育休、退職、異動、事由発生日等）
A4: 雇契 | B4: 雇健 | C4: 健前 | D4: 健今 | M4: １週間の 勤務日数 | O4: １週間の 勤務時間 | Q4: 給与の額 （左欄は時給・日給・月給・年俸から選択） | U4: 健康保険 | V4: 厚生年金 | W4: 雇用保険 | X4: 労災保険
E6: 例 | F6: 相模 太郎 | G6: 調理員 | H6: 調理師 | I6: 無 | J6: 40269 | K6: 定めなし | L6: 12 | M6: 2 | N6: 日 | O6: 16 | P6: 時間 | Q6: 時給 | S6: 1200 | T6: 円 | X6: ○ | Y6: 退職 R5.4.1
E7: 1 | N7: 日 | P7: 時間 | T7: 円
E8: 2 | N8: 日 | P8: 時間 | T8: 円
E9: 3 | N9: 日 | P9: 時間 | T9: 円
E10: 4 | N10: 日 | P10: 時間 | T10: 円
E11: 5 | N11: 日 | P11: 時間 | T11: 円
E12: 6 | N12: 日 | P12: 時間 | T12: 円
E13: 7 | N13: 日 | P13: 時間 | T13: 円
E14: 8 | N14: 日 | P14: 時間 | T14: 円
E15: 9 | N15: 日 | P15: 時間 | T15: 円
E16: 10 | N16: 日 | P16: 時間 | T16: 円
E17: 11 | N17: 日 | P17: 時間 | T17: 円
E18: 12 | N18: 日 | P18: 時間 | T18: 円
... E56: 50 | N56: 日 | P56: 時間 | T56: 円

Sheet 利用者処遇
E1: 施設名 | M1: =IF(表紙!J7="","",表紙!J7)
E2: ※施設名は自動表示されます。
A4: 令和８年度 指導監査事前提出資料 相模原市指導監査基準 軽費老人ホーム(ケアハウス)編対応 ～ 利 用 者 処 遇 ～
A8: 項 目 | B8: 監査事項 | D8: 監査内容 | E8: 自主点検記入欄 | AA8: ※結果
AE9: いる ・ いない
A10: １ 基本方針 | B10: 1 | C10: 食事の提供、入浴等の準備、相談及び援助、社会生活上の便宜の供与その他の日常生活上必要な便宜を提供することにより、入所者が安心して生き生きと明るく生活できるようにすることを目指していること。 | F10: ◎いずれかを選択→ | M10: いる ・ いない | AA10: 適・否 （ ） | AE10: いる
AE11: いない
B19: 2 | C19: 入所者の意思及び人格を尊重し、常にその者の立場に立ってサービスの提供を行うように努めていること。 | F19: ◎いずれかを選択→ | M19: いる ・ いない | AA19: 適・否 （ ）
B25: 3 | C25: 地域や家庭との結び付きを重視した運営を行い、社会福祉事業に関する熱意及び能力を有する職員による適切なサービスの提供に努めるとともに、市町村（特別区を含む。以下同じ。）、地域包括支援センター(介護保険法第１１５条の４６第１項に規定する地域包括支援センターをいう。以下同じ。)、老人の福祉を増進することを目的とする事業を行う者その他の保健医療サービス又は福祉サービスを提供する者との密接な連携に努めていること。 | F25: ◎いずれかを選択→ | M25: いる ・ いない | AA25: 適・否 （ ）
A45: ２ 入所申込者等に対する説明等 | B45: 4 | C45: サービスの提供の開始に際しては、あらかじめ、入所申込者又はその家族に対し、運営規程の概要、職員の勤務の体制その他の入所申込者のサービスの選択に資すると認められる重要事項を記した文書を交付して説明を行い、当該サービスの提供に関する契約を文書により締結していること。 | D45: 入所者に対し適切なサービスを提供するため、その提供の開始に際し、あらかじめ、入所申込者又はその家族に対し、運営規程の概要、職員の勤務体制、事故発生時の対応、苦情処理の体制、提供するサービスの第三者評価の実施状況（実施の有無、実施した直近の年月日、実施した評価機関の名称、評価結果の開示状況）等の入所申込者がサービスを選択するために必要な重要事項について、わかりやすい説明書やパンフレット等の文書を交付して懇切丁寧に説明を行い、当該施設からサービスを受けることにつき同意を得なければならない。なお、同意については、入所者及び軽費老人ホーム双方の保護の立場から書面によって確認することが望ましい。 契約文書には次に掲げる事項を記載していること。 (１)当該社会福祉事業の経営者の名称及び主たる事務所の所在地 (２)当該社会福祉事業の経営者が提供する福祉サービスの内容 (３)当該福祉サービスの提供につき利用者が支払うべき額に関する事項 (４)当該福祉サービスの提供開始年月日 (５)当該福祉サービスに係る苦情を受け付けるための窓口 ※文書の交付に代えて、当該入所申込者又はその家族の承諾を得て、当該文書に記すべき重要事項を電子情報処理組織を使用する方法その他の情報通信の技術を利用する方法であって、軽費老人ホーム基準省令第１２条に掲げるもの(以下「電磁的方法」という。)により提供することができる。 この場合において、当該軽費老人ホームは、当該文書を交付したものとみなす。 | F45: ◎いずれかを選択→ | M45: いる ・ いない | AA45: 適・否 （ ）
F48: ◆契約書、重要事項説明書の作成、交付状況
L49: 入所者数 | Q49: 交付
F50: 前年度 | P50: 人 | U50: 人
F51: 今年度 | P51: 人 | U51: 人
F53: ◆契約書の記載状況
F54: 記載事項 | W54: 記載
F55: (１)当該社会福祉事業の経営者の名称及び主たる事務所の所在地 | W55: 有・無
F57: (２)当該社会福祉事業の経営者が提供する福祉サービスの内容 | W57: 有・無 | AE57: 有 ・ 無
AE58: 有
F59: (３)当該福祉サービスの提供につき利用者が支払うべき額に関する事項 | W59: 有・無 | AE59: 無
F61: (４)当該福祉サービスの提供開始年月日 | W61: 有・無
F62: (５)当該福祉サービスに係る苦情を受け付けるための窓口 | W62: 有・無
B77: 5 | C77: 前監査事項の契約において、入所者の権利を不当に狭めるような契約解除の条件を定めていないこと。 | D77: 契約書に定める軽費老人ホーム設置者の契約解除の条件は、信頼関係を著しく害する場合に限るなど入所者の権利を不当に狭めるものとなっていないこと。 また、入所者、軽費老人ホーム設置者双方の契約解除条項を契約書上定めておくこと。 | F77: ◎いずれかを選択→ | M77: いる ・ いない | AA77: 適・否 （ ）
A86: ３ 利用料の受領 | B86: 6 | C86: 入所者から支払いを受ける利用料は、適正であること。 | D86: 軽費老人ホームは、入所者から利用料として、次に掲げる費用の支払を受けることができる。 (１)サービスの提供に要する費用（入所者の所得の状況その他の事情を勘案して徴収すべき費用として市長が定める額に限る。） (２)生活費（食材料費及び共用部分に係る光熱水費に限る。） (３)居住に要する費用（(２)の光熱水費及び(４)の費用を除く。） (４)居室に係る光熱水費 (５)入所者が選定する特別なサービスの提供を行ったことに伴い必要となる費用 (６)上記（１）～（５）に掲げるもののほか、軽費老人ホームにおいて提供される便宜のうち日常生活においても通常必要となるものに係る費用であって、入所者に負担させることが適当と認められるもの なお、(２)の生活費は、地域の実情、物価の変動その他の事情を勘案して市長が定める額を上限としていること。 | F86: ◎いずれかを選択→ | M86: である・でない | AA86: 適・否 （ ） | AE86: である・でない
AE87: である
AE88: でない
F89: ※請求書により利用料の徴収状況を確認しますので、直近月の請求書を当日ご用意ください。
B105: 7 | C105: 利用料として支払いを受ける費用の額に係るサービスの提供に当たっては、あらかじめ、入所者又はその家族に対し、当該サービスの内容及び費用を記した文書を交付して説明を行い、入所者の同意を得ていること。 | F105: ◎いずれかを選択→ | M105: いる ・ いない | AA105: 適・否 （ ）
F108: ◆同意の状況
F109: 同意を得ている者 | N109: 人
A115: ４ 対象者 | B115: 8 | C115: 当該軽費老人ホームの入所者が要件を満たしていること。 | D115: 軽費老人ホームの入所者は、次の要件を満たす者であること。 (１)身体機能の低下等により自立した日常生活を営むことについて不安があると認められる者(自炊ができない程度の身体機能の低下等が認められ、又は高齢等のため独立して生活するには不安が認められる者)であって、家族による援助を受けることが困難なもの。 (２)６０歳以上の者。ただし、その者の配偶者、３親等内の親族及び３親等内の親族その他特別な事情により当該者と共に入所させることが必要と認められる者については、この限りでない。 | F115: ◎いずれかを選択→ | M115: いる ・ いない | AA115: 適・否 （ ）
A128: ５ 入退所等 | B128: 9 | C128: 入所予定者の入所に際しては、その者の心身の状況、生活の状況、家庭の状況等の把握に努めていること。 | D128: 日常生活の自立を図るとともに安心して生き生きと明るく生活を送るためにどのような支援が必要であるかについて判断するため、その者の心身の状況や家族等の状況、生活歴等、必要な事項について把握し、当該施設において提供することができるサービスにより生活を継続することが可能な状態かどうかを明らかにすることが重要であること。 なお、施設は、入所予定者の感染症に関する事項も含めた健康状態を確認することが必要であるが、その結果感染症や既往症であっても、一定の場合を除き、サービス提供を断る正当な理由には該当しない。 | F128: ◎いずれかを選択→ | M128: いる ・ いない | AA128: 適・否 （ ）
F131: ◆新規入所者数
F132: 前年度 | O132: =SUM(L50) -> 0 | U132: 人
F133: 今年度 | O133: =SUM(L51) -> 0 | U133: 人
F134: (指導監査対象期間について記入してください。)
B142: 10 | C142: 入所者の心身の状況、入所中に提供することができるサービスの内容等に照らし、軽費老人ホームにおいて日常生活を営むことが困難となったと認められる入所者に対し、その者及びその家族の希望を十分に勘案し、その者の状態に適合するサービスに関する情報の提供を行うとともに、適切な他のサービスを受けることができるよう必要な援助に努めていること。 | D142: 「入所中に提供することができるサービスの内容等」は、当該施設において提供されるサービス(特定施設入居者生活介護(介護予防特定施設入居者生活介護も含む。以下同じ。)の指定を受けている場合にはこれを含む。)の他、当該施設に入所しながら受けることができる訪問介護等の居宅サービスその他の保健医療サービス又は福祉サービス等の各種サービスを含むものであること。 入所者が入所しながら受けることができる各種サービスを総合的に判断した上で、日常生活を営むことが困難であると認められる状態となった場合には、本人又はその家族との話し合いの場を設けること等により、施設において提供できるサービスとその者の状態に関する説明を行うとともに、その者の状態に適合するサービスにつなげるための情報提供等の必要な援助に努めること。 なお、この話し合いに当たっては、入所者及びその家族の希望を十分に勘案しなければならず、安易に施設側の理由により退所を促すことのないよう留意すること。 | F142: ◎いずれかを選択→ | M142: いる ・ いない | AA142: 適・否 （ ）
F145: ※援助の内容を具体的に記入してください。
B165: 11 | C165: 入所者の退所に際しては、居宅サービス計画(介護保険法第８条第２４項に規定する居宅サービス計画をいう。以下同じ。)又は施設サービス計画(同条第２６項に規定する施設サービス計画をいう。以下同じ。)の作成等の援助に資するため、居宅介護支援事業者(同条第２４項に規定する居宅介護支援事業を行う者をいう。)又は介護保険施設(同条第２５項に規定する介護保険施設をいう。)に対する情報の提供に努めるほか、その他地域包括支援センター又は保健医療サービス若しくは福祉サービスを提供する者との密接な連携に努めていること。 | D165: 入所者の退所を円滑に行うとともに、退所先においてその者の心身の状況等に応じた適切なサービスを受けることができるよう、主として生活相談員が中心となって、主冶の医師、居宅介護支援事業者や地域包括支援センターをはじめ、保健医療サービスや福祉サービスを提供する者等と十分に連携を図り、継続的な支援を行う体制づくりを行うよう努めること。 | F165: ◎いずれかを選択→ | M165: いる・いない・退所者なし | AA165: 適・否 （ ） | AE165: いる・いない・退所者なし
AE166: いる
AE167: いない
F168: ◆退所者数 | AE168: 退所者なし
F169: 前年度 | U169: 人
F170: 今年度 | U170: 人
F172: ※主な退所先を記入してください。
A187: ６ サービス提供の方針 | B187: 12 | C187: 入所者について、安心して生き生きと明るく生活できるよう、その心身の状況や希望に応じたサービスの提供を行うとともに、生きがいをもって生活できるようにするための機会を適切に提供していること。 | D187: 入所者の自立した日常生活に資する支援を行い、明るく生きがいのある生活を提供するための施設であることを十分に踏まえ、サービスの提供に当たっていること。 | F187: ◎いずれかを選択→ | M187: いる ・ いない | AA187: 適・否 （ ）
B196: 13 | C196: 入所者に対するサービスの提供に当たっては、懇切丁寧に行うことを旨とし、入所者又はその家族に対し、サービスの提供を行う上で必要な事項について、理解しやすいように説明を行っていること。 | F196: ◎いずれかを選択→ | M196: いる ・ いない | AA196: 適・否 （ ）
A206: ７ 身体的拘束等 | B206: 14 | C206: 入所者に対するサービスの提供に当たっては、当該入所者又は他の入所者等の生命又は身体を保護するため緊急やむを得ない場合を除き、身体的拘束その他入所者の行動を制限する行為(以下「身体的拘束等」という。)を行っていないこと。 | F206: ◎いずれかを選択→ | M206: いる ・ いない | AA206: 適・否 （ ）
F209: ◆身体的拘束等の状況
F210: 前年度 | U210: 件
F211: 今年度 | U211: 件
F212: (指導監査対象期間内について記入してください。)
B221: 15 | C221: 身体的拘束等を行う場合には、その態様及び時間、その際の入所者の心身の状況並びに緊急やむを得ない理由を記録していること。 | D221: 緊急やむを得ない理由は、切迫性、非代替性及び一時性の３つの要件を満たすことについて、組織等としてこれらの要件の確認等の手続きを極めて慎重に行うこととし、その具体的な内容について記録していること。 | F221: ◎いずれかを選択→ | M221: いる・いない・事例なし | AA221: 適・否 （ ） | AE221: いる・いない・事例なし
AE222: いる
AE223: いない
AE224: 事例なし
B237: 16 | C237: 身体的拘束等の適正化のための対策を検討する委員会（以下「身体的拘束等適正化検討委員会」という。）を３月に１回以上開催するとともに、その結果について、介護職員その他の従業者に周知徹底していること。 | D237: １ 身体的拘束等適正化検討委員会は、幅広い職種（例えば、施設長、事務長、介護職員、生活相談員）により構成すること。 ※委員には第三者や専門家を活用することが望ましい。 ２ 構成メンバーの責務及び役割分担を明確にするとともに、身体的拘束等の適正化対応策を担当する者を決めていること。 ※責任者はケア全般の責任者であることが望ましい。 ※同一施設内での複数担当の兼務や他の事業所・施設等との担当の兼務については、担当者としての職務に支障がなければ差し支えない。ただし、日常的に兼務先の各事業所内の業務に従事しており、入所者や施設の状況を適切に把握している者など、各担当者としての職務を遂行する上で支障がないと考えられる者を選任すること。 ３ 身体的拘束等適正化検討委員会は、運営委員会など他の委員会と独立して設置・運営すること。 ※関係する職種、取り扱う事項等が相互に関係が深いと認められる他の会議体を設置している場合、これと一体的に設置・運営することも差し支えない。 ４ 身体的拘束等適正化検討委員会において事例の発生時の状況等を分析し、発生原因、結果等をとりまとめ、適正化策等を検討すること。 また、分析結果等を従業者に周知徹底し、 適正化策を講じた後に、その効果について評価すること。 ※身体的拘束等適正化検討委員会は、テレビ電話装置等(リアルタイムでの画像を介したコミュニケーションが可能な機器をいう。以下同じ。)を活用して行うことができるものとする。この際は、個人情報保護委員会・厚生労働省「医療・介護関係事業における個人情報の適切な取扱いのためのガイダンス」、厚生労働省「医療情報システムの安全管理に関するガイドライン」等を遵守していること。 | F237: ◎いずれかを選択→ | M237: いる ・ いない | AA237: 適・否 （ ）
E240: 1 | F240: ◆身体的拘束等適正化検討委員会のメンバー（最新のもの）
F241: 職種 | M241: 氏名
E257: 2 | F257: 適正化対策担当者氏名
E259: 3 | F259: ◆身体的拘束等適正化検討委員会の開催状況
F260: 前年度 | U260: 回
F261: 今年度 | U261: 回
F262: (指導監査対象期間内について、記入してください。)
E264: 4 | F264: 身体的拘束等適正化検討委員会の独立 | V264: 適 ・ 否 | AE264: 適 ・ 否
AE265: 適
F266: ◆委員会結果の職員への周知徹底 | AE266: 否
F267: ・周知徹底の方法について、記入してください。
B279: 17 | C279: 身体的拘束等の適正化のための指針を整備していること。 | D279: 「身体的拘束等の適正化のための指針」には、次の項目を盛り込むこと。 (１)施設における身体的拘束等の適正化に関する基本的考え方 (２)身体的拘束等適正化検討委員会その他施設内の組織に関する事項 (３)身体的拘束等の適正化のための職員研修に関する基本方針 (４)施設内で発生した身体的拘束等の報告方法等のための方策に関する基本方針 (５)身体的拘束等の発生時の対応に関する基本方針 (６)入所者等に対する当該指針の閲覧に関する基本方針 (７)その他身体的拘束等の適正化の推進のために必要な基本方針 | F279: ◎いずれかを選択→ | M279: いる ・ いない | AA279: 適・否 （ ）
F282: (1) | G282: 適正化の基本的考え方 | U282: 適 ・ 否
F283: (2) | G283: 委員会その他施設内の組織に関する事項 | U283: 適 ・ 否
F284: (3) | G284: 職員研修の基本方針 | U284: 適 ・ 否
F285: (4) | G285: 報告方法等の基本方針 | U285: 適 ・ 否
F286: (5) | G286: 身体的拘束等発生時の対応の基本方針 | U286: 適 ・ 否
F287: (6) | G287: 当該指針の閲覧に関する基本方針 | U287: 適 ・ 否
F288: (7) | G288: その他必要な基本方針 | U288: 適 ・ 否
B296: 18 | C296: 介護職員その他の従業者に対し、身体的拘束等の適正化のための研修を定期的に実施していること。 | D296: １ 介護職員その他の従業者に対する身体的拘束等の適正化のための研修の内容としては、身体的拘束等の適正化の基礎的内容等の適切な知識を普及・啓発するとともに、当該軽費老人ホームにおける指針に基づき、適正化の徹底を行うこと。 ２ 職員教育を組織的に徹底させていくために、当該軽費老人ホームが指針に基づいた研修プログラムを作成し、定期的な教育（年２回以上）を開催するとともに、新規採用時には必ず身体的拘束等の適正化の研修を実施すること。 ３ 研修の実施内容を記録すること。 | F296: ◎いずれかを選択→ | M296: いる ・ いない | AA296: 適・否 （ ）
E299: 1 | F299: ◆定期研修の内容
F300: 研修内容 | O300: 適 ・ 否
E302: 2 | F302: ◆定期研修実施状況
F303: 前年度 | U303: 回
F304: 今年度 | U304: 回
F305: 新採用時研修 | O305: 有 ・ 無
F306: (指導監査対象期間内について、記入してください。)
AE307: 有 ・ 無
E308: 3 | F308: 研修記録 | O308: 有 ・ 無 | AE308: 有
AE309: 無
A314: ８ 食事 | B314: 19 | C314: 栄養並びに入所者の心身の状況及び嗜好を考慮した食事を、適切な時間に提供していること。 | D314: 食事の提供は、次の点に留意して行っていること。 (１)入所者の心身の状況、嗜好に応じて適切な栄養量、内容及び時間に提供すること。 また、一時的な疾病等により、食堂において食事をすることが困難な入所者に対しては、居室において食事を提供するなど、必要な配慮を行っていること。 (２)調理は、あらかじめ作成された献立に従って行うとともに、その実施状況を明らかにしておくこと。 また、病弱者に対する献立については、必要に応じ、協力医療機関等の医師の指導を受けること。 (３)食事の提供に関する業務は、軽費老人ホーム自らが行うことが望ましいが、栄養管理、調理管理、材料管理、施設等管理、業務管理、衛生管理、労働衛生管理について施設自らが行う等、当該施設の施設長が業務遂行上必要な注意を果たし得るような体制と契約内容により、食事サービスの質が確保される場合には、当該施設の最終的責任の下で第三者に委託することができること。 (４)食事提供については、入所者の嚥下や咀嚼の状況、食欲などの心身の状態等を当該入所者の食事に的確に反映させるために、居室関係部門と食事関係部門との連絡が十分とられていることが必要であること。 (５)入所者に対しては、適切な栄養食事相談を行う必要があること。 | F314: ◎いずれかを選択→ | M314: いる ・ いない | AA314: 適・否 （ ）
E317: (1) | F317: 心身の状況・嗜好に応じた栄養量 | O317: 適 ・ 否
F319: 健康増進法又は相模原市小規模特定給食施設等の栄養の改善に関する条例に基づく報告
F321: 報告年月日 | M321: 年 | O321: 月 | Q321: 日
F322: 指導・助言・勧告 | L322: 有 ・ 無
F323: (最新の内容を記入してください。)
E325: (2) | F325: 献立の作成 | O325: 適 ・ 否
F327: ※病弱者の献立作成時の留意点を記入してください。
E335: (3) | F335: 調理業務の委託 | O335: 有 ・ 無
E337: (4) | F337: 居室部門との連絡 | O337: 有 ・ 無
F339: ※居室部門との連絡調整の具体的方法を記入してください。
E347: (5) | F347: 栄養相談 | O347: 有 ・ 無
A355: ９ 生活相談等 | B355: 20 | C355: 常に入所者の心身の状況、その置かれている環境等の的確な把握に努め、入所者又はその家族に対し、その相談に適切に応じるとともに、必要な助言その他の援助を行っていること。 | D355: 常時必要な指導を行い得る体制をとることにより積極的に入所者の生活の向上を図っていること。 なお、相談に当たっては、運営規程に従うべきことは勿論であるが、さらに入所者の年齢、性別、性格、生活歴及び心身の状況等を考慮して個別的なサービスの提供に関する方針を定めることが適当であること。 | F355: ◎いずれかを選択→ | M355: いる ・ いない | AA355: 適・否 （ ）
...

Sheet 会計(共通事項）
F1: 施設名 | M1: =IF([1]表紙!J5="","",[1]表紙!J5)
F2: ※施設名は自動表示されます。
A5: 令和８年度 指導監査事前提出資料 相模原市指導監査基準特別養護老人ホーム編・地域密着型特別養護老人ホーム編対応 （社会福祉施設共通） ～ 会 計 ～
A7: ※ 別シート「会計点検資料（１ 契約の状況(前年度)）」も記入の上、提出してください。 ※ この事前提出資料（社会福祉施設共通）と併せて、○○○限定事項も提出してください。 ※ 別シート「決算書自己点検シート(令和７年度決算のもの）」又は、決算書と附属明細書等の整合性チェック等を独自システム等で行っ ている場合はその結果を添付してください。
A8: 項 目 | B8: 監査事項 | D8: 監査内容 | F8: 自主点検記入欄 | AB8: ※結果 | AF8: 市使用欄（※施設の方は、この枠内を変更しないでください。）
A10: １ 経理規程等 （１）経理規程の制定 | B10: 1 | C10: 定款等に定めるところにより、経理規程を制定していること。 | D10: （１）会計基準省令に基づく適正な会計処理を行うため、法令等及び定款に定めるもののほか、会計処理を行うために必要な事項について、経理規程を定めていること。 （２）経理規程は、定款に定める手続により決定していること。 | G10: ◎いずれかを選択→ | N10: いる ・ いない | AB10: 適・否 （ ） | AF10: いる ・ いない | AG10: いない ・ いる | AH10: いる ・ いない ・ 実績なし | AI10: ない ・ ある | AJ10: 有 ・ 無 | AK10: 有 ・ 無 ・ 実績なし | AL10: 有 ・ 無 ・ 省略 | AM10: 適 ・ 否 | AN10: 該当 ・ 非該当 | AO10: ○ | AP10: 有・無・該当なし
A11: １ 会計処理 （１）会計処理の基準 | B11: 1 | C11: 拠点区分の会計処理の基準は、社会福祉法人会計基準(新会計基準)となっていること。 | D11: 拠点区分の会計処理の基準は、新会計基準となっており、法令及び関係通知等に従い適正な会計処理を行っていること。 ただし、平成２７年３月３１日までの間については、従来の会計処理の基準によることができることとなっており、この場合、以降の項目において、拠点区分と表記しているものについては、経理区分又は会計区分と読み替えるものとする。 | AF11: いる | AG11: いない | AH11: いる | AI11: ない | AJ11: 有 | AK11: 有 | AL11: 有 | AM11: 適 | AN11: 該当 | AP11: 有
A12: １ 会計処理 （１）会計処理の基準 | B12: 1 | C12: 拠点区分の会計処理の基準は、社会福祉法人会計基準(新会計基準)となっていること。 | D12: 拠点区分の会計処理の基準は、新会計基準となっており、法令及び関係通知等に従い適正な会計処理を行っていること。 ただし、平成２７年３月３１日までの間については、従来の会計処理の基準によることができることとなっており、この場合、以降の項目において、拠点区分と表記しているものについては、経理区分又は会計区分と読み替えるものとする。 | AF12: いない | AG12: いる | AH12: いない | AI12: ある | AJ12: 無 | AK12: 無 | AL12: 無 | AM12: 否 | AN12: 非該当 | AP12: 無
G13: ◆経理規程の整備状況 | AH13: 実績なし | AK13: 実績なし | AL13: 省略 | AP13: 該当なし
L14: 経理規程 | Q14: 最新の改正状況
G15: 改廃の手続 | L15: 第 | P15: 条 | S15: 年 | V15: 月 | Y15: 日
Q16: 理事会の承認 | W16: 有 ・ 無
A19: １ 会計処理 （１）会計処理の基準 | B19: 1 | C19: 拠点区分の会計処理の基準は、社会福祉法人会計基準(新会計基準)となっていること。 | D19: 拠点区分の会計処理の基準は、新会計基準となっており、法令及び関係通知等に従い適正な会計処理を行っていること。 ただし、平成２７年３月３１日までの間については、従来の会計処理の基準によることができることとなっており、この場合、以降の項目において、拠点区分と表記しているものについては、経理区分又は会計区分と読み替えるものとする。
A20: （２）経理規程等の遵守 | B20: 2 | C20: 経理規程及びその細則等を遵守していること。 | D20: ※例（全国社会福祉施設経営者協議会による「平成２９年度版社会福祉法人モデル経理規程」の参照条文） ・すべての会計処理は経理規程に定める会計伝票等により処理するとともに、会計伝票は証憑に基づいて作成し、証憑は会計記録との関係を明らかにして整理保存していること。（モデル経理規程第１３条） ・金銭の収納に際して、所定の印を押した領収書を発行していること。（モデル経理規程第２３条） ・日々入金した金銭は、これを直接支出に充てることなく、収入後経理規程に定める期間以内に金融機関に預け入れていること。（モデル経理規程第２４条） ・小口現金を適切に取り扱っていること（小口現金出納帳の作成、限度額以内の保有等）。（モデル経理規程第１２条、第２８条） ・現金及び預貯金の残高と帳簿残高を照合し、会計責任者等による確認を受けること。また、過不足が生じた場合は速やかに経理規程に定める手続を行っていること。（モデル経理規程第３０条、第３１条） ・月次試算表を作成し、毎月適切な時期に経理規程に定める権限者に提出していること。（モデル経理規程第３２条） ・債権の回収又は支払の状況を確認し、期限どおり履行されていないことが判明した場合は、速やかに経理規程に定める手続を行っていること。（モデル経理規程第３５条、第３６条） | G20: ◎いずれかを選択→ | N20: いる ・ いない | AB20: 適・否 （ ）
G23: ◆経理規程への規定の状況
M24: 経理規程 | Q24: 規程上の手続等
G25: 会計伝票等による 会計処理等 | M25: 第 | P25: 条
G27: 領収書の発行 | M27: 第 | P27: 条
G29: 直接支出禁止、金融機関へ預入れ | M29: 第 | P29: 条 | Q29: 金融機関への 預入れ期間 | X29: 日以内
G31: 小口現金の管理 | M31: 第 | P31: 条 | Q31: 保有限度額 | Z31: 円
G33: 残高の確認 | M33: 第 | P33: 条 | Q33: 確認頻度 | S33: 現金
S34: 預貯金
G35: 月次試算表 | M35: 第 | P35: 条 | Q35: 理事長への提出期限
Q36: 翌月・翌々月 | X36: 日まで
G37: 債権の回収、 債務の支払い | M37: 第 | P37: 条
A42: （３）会計帳簿 | B42: 3 | C42: 会計帳簿を適正に整備していること。 | D42: （１）経理規程に定められた会計帳簿（仕訳日記帳、総勘定元帳等）を拠点区分ごとに作成していること。 （２）会計帳簿の閉鎖の時から１０年間、その会計帳簿及びその事業に関する重要な資料を保存していること。 （３）計算書類に係る各勘定科目の金額について、主要簿（総勘定元帳等）と一致していること。 | G42: ◎いずれかを選択→ | N42: いる ・ いない | AB42: 適・否 （ ）
G45: ◆会計帳簿に関する規定の状況
O46: 経理規程
G47: 整備すべき会計帳簿 | O47: 第 | R47: 条
G48: 会計帳簿の保存期間 | O48: 第 | R48: 条
A51: ２ 管理運営体制 | B51: 4 | C51: 予算の執行及び資金等の管理に関して、会計責任者の設置等の管理運営体制を整備していること。 また、会計責任者と出納職員との兼務を避けるなど、内部牽制に配意した体制としていること。 | D51: （１）経理規程等において、予算の執行や資金等の管理に関する体制（会計責任者等の設置や内部牽制に配意した業務分担等）について、明確に定めていること。 （２）管理運営体制に関する経理規程等に定める手続を行っていること。 （３）法人印及び代表者印について、管理者が定められている等、管理が十分に行われていること。 | G51: ◎いずれかを選択→ | N51: いる ・ いない | AB51: 適・否 （ ）
G54: ◆管理運営体制の整備
K55: 規程 | O55: 担当者職名
G56: 会計責任者 等の設置 | K56: 経理規程 | O56: 統括会計 責任者 | S56: 理事長 | Y56: 設置 なし
K58: 第 | N58: 条 | O58: 会計責任者 | S58: 理事長
O59: 出納職員 | S59: 経理担当職員等
G60: 業務分担 （該当に○） | L60: 経理規程（第 条）
L61: 事務分担表
L62: その他（ ）
G63: 印の管理 | K63: 法人印 | S63: 理事長
K64: 法人代表者印 | S64: 理事長
G66: ◆内部牽制体制等について（具体的な体制や対策を記入してください。）
A71: ３ 寄附金品 | B71: 5 | C71: 寄附金及び寄附物品を受け入れる場合は、適正に受け入れ手続を行っていること。 | D71: （１）寄附者から寄附申込書を受け、寄附金収益明細書等を作成し、寄附者、寄附目的、寄附金額等を記載して管理していること。また、受け入れについて、経理規程に定める権限者の承認を受けていること。 （２）金銭の寄附は、寄附目的により拠点区分の帰属を決定し、適正に計上していること。 （３）寄附物品は、取得時の時価により、適正に計上していること。ただし、飲食物等で即日消費されるもの又は社会通念上受取寄附金として扱うことが不適当なものは、この限りでない。 （４）共同募金会からの寄附金等の受入れは、運用上の留意事項９（３）に基づき、適正に処理していること。 | G71: ◎いずれかを選択→ | N71: いる ・ いない ・ 実績なし | AB71: 適・否 （ ）
G74: ◆寄附金品に関する規定の状況
K76: 経理規程
G77: 受入手続 | K77: 第 | N77: 条
B83: 6 | C83: 施設利用者又は利用者の家族等に寄附金を強要していないこと。 また、国庫補助事業を行うために契約を締結した相手方（建設請負業者等）から、多額の寄附を受けていないこと。 | D83: 社会福祉施設の整備を行う法人が国庫補助事業を行うために契約した相手方から多額の寄附を受けることについては、共同募金会を通じた受配者を指定した寄附金を除いて禁止されている。 | G83: ◎いずれかを選択→ （いるの場合不適合） | N83: いない ・ いる | AB83: 適・否 （ ）
A92: ４ 資産管理 | B92: 7 | C92: 固定資産の取得又は処分等については、定款及び経理規程に定める手続を行っていること。 また、基本財産である固定資産の処分又は担保提供については、事前に所轄庁の承認を得ていること。 | D92: （１）基本財産である固定資産の取得又は処分等については、定款及び経理規程に定める手続を行っていること。なお、基本財産である固定資産の処分又は担保提供については、定款の定めに基づき、事前に所轄庁の承認を得ていること。 （２）その他の固定資産の取得又は処分については、経理規程に定める手続を行っていること。 | G92: ◎いずれかを選択→ | N92: いる ・ いない ・ 実績なし | AB92: 適・否 （ ）
G95: ◆固定資産の取得又は処分等に関する規定の状況
K97: 規定状況 | R97: 承認の権限
G98: 基本財産 | I98: 取得 | K98: 経理規程 | N98: 第 | Q98: 条 | R98: 理事会・理事会及び評議員会
I100: 処分等 | K100: 経理規程 | N100: 第 | Q100: 条 | R100: 理事会・理事会及び評議員会 | Y100: ＋所轄庁
K102: 定款 | N102: 第 | Q102: 条
G104: その他の 固定資産 | I104: 取得・処分等 | K104: 経理規程 | N104: 第 | Q104: 条 | S104: 理事長（ただし、法人運営に重大な影響があるものは理事会）
S106: その他
S107: （ | Z107: ）
G109: ◆取得又は処分等の承認状況（前年度）
M111: 承認状況 | Q111: 具体的な承認方法
G112: 基本財産 | H112: 法人内の承認 | M112: 有 ・ 無 ・ 実績なし
H114: 処分等に係る 所轄庁の承認 | M114: 有 ・ 無 ・ 実績なし
G116: その他 | H116: 法人内の承認 | M116: 有 ・ 無 ・ 実績なし | Q116: 理事長専決 の場合 （該当に○） | V116: 書面による決裁
V117: その他
V118: （ ）
B120: 8 | C120: 基本財産及びその他の固定資産について、固定資産管理台帳等を整備し、適正に管理していること。 | D120: （１）「基本財産及びその他の固定資産（有形固定資産及び無形固定資産）の明細書」及び「固定資産管理台帳」を整備し、固定資産（耐用年数１年以上、かつ、１個若しくは１組の金額が１０万円以上の資産）の増減を適切な拠点区分に計上し、管理していること。 （２）減価償却を行うべき有形固定資産及び無形固定資産について、適正に減価償却を行っていること。 （３）時価評価を行うべき資産について、適正に時価評価を行っていること。 | G120: ◎いずれかを選択→ | N120: いる ・ いない | AB120: 適・否 （ ）
B130: 9 | C130: 計算書類及び財産目録に計上している資産が実在していること。 | G130: ◎いずれかを選択→ | N130: いる ・ いない | AB130: 適・否 （ ）
G133: 確認事項 | X133: チェック
G134: 現金残高を記録した補助簿等を作成し承認されていること。 | X134: 適 ・ 否
G136: 棚卸資産の実地棚卸結果が、会計帳簿に反映されていること。 | X136: 適・否・該当無
G138: 有形固定資産の実地棚卸結果が、会計帳簿に反映されていること。 | X138: 適 ・ 否
A141: ５ 計算書類等 （１）計算書類 | B141: 10 | C141: 法令等に基づき、計算書類を適正に作成していること。 また、計算書類に、整合性がとれていること。 | D141: （１）計算書類を様式に従って作成していること。 （２）事業活動計算書の収益及び費用を、適切な会計期間に計上していること。 （３）計算書類に、整合性がとれていること。 | G141: ◎いずれかを選択→ | N141: いる ・ いない | AB141: 適・否 （ ）
G143: ◆計算書類の作成状況
G144: 計算書類 | R144: 様式 | X144: 作成
G145: （拠点区分名） 資金収支計算書 | R145: 第１号第４様式 | X145: 適 ・ 否
G146: （拠点区分名） 事業活動計算書 | R146: 第２号第４様式 | X146: 適 ・ 否
G147: （拠点区分名） 貸借対照表 | R147: 第３号第４様式 | X147: 適 ・ 否
G149: ◆計算書類の整合性チェック表
G150: 確認事項 | X150: チェック
G151: ア | H151: 資金収支計算書の当期末支払資金残高が、貸借対照表の当年度末支払資金残高（流動資産と流動負債の差額。ただし、１年基準により固定資産又は固定負債から振り替えられた流動資産・流動負債、引当金及び棚卸資産（貯蔵品を除く。）を除く。）と一致していること。 | X151: 適 ・ 否
G156: イ | H156: 資金収支計算書の前期末支払資金残高が、貸借対照表の前年度末支払資金残高と一致していること。 | X156: 適 ・ 否
G158: ウ | H158: 事業活動計算書の次期繰越活動増減差額が、貸借対照表の次期繰越活動増減差額と一致していること。 | X158: 適 ・ 否
G160: エ | H160: 事業活動計算書の当期活動増減差額が、貸借対照表の「（うち当期活動増減差額）」と一致していること。 | X160: 適 ・ 否
G162: オ | H162: 貸借対照表の前期末の額が、前年度貸借対照表の当期末の額と一致していること。 | X162: 適 ・ 否
G164: カ | H164: 資金収支計算書の前期末支払資金残高が、前年度資金収支計算書の当期末支払資金残高と一致していること。 | X164: 適 ・ 否
G167: キ | H167: 事業活動計算書の前期繰越活動増減差額が、前年度事業活動計算書の次期繰越活動増減差額と一致していること。 | X167: 適 ・ 否
A171: （２）附属明細書等 | B171: 11 | C171: 法令等に基づき、注記を適正に作成していること。 また、計算書類と整合性がとれていること。 | D171: （１）計算書類の注記を作成し、注記すべき事項を記載していること。 （２）注記に係る勘定科目と金額が計算書類と整合していること。 | G171: ◎いずれかを選択→ | N171: いる ・ いない | AB171: 適・否 （ ）
G174: ◆注記（拠点区分用）の記載状況
G175: （該当がない場合、②⑧⑨は省略できるが、その他は「該当なし」と記載していること。）
G177: 記載事項 | X177: 記載
G178: ① | H178: 重要な会計方針 | X178: 有・無・該当なし
G179: ② | H179: 重要な会計方針の変更 | X179: 有 ・ 無 ・ 省略
G180: ③ | H180: 採用する退職給付制度 | X180: 有・無・該当なし
G181: ④ | H181: 拠点が作成する計算書類とサービス区分 | X181: 有・無・該当なし
G182: ⑤ | H182: 基本財産の増減の内容及び金額 | X182: 有・無・該当なし
G183: ⑥ | H183: 基本金又は固定資産の売却若しくは処分に係る国庫補助金等特別積立金の取崩 | X183: 有・無・該当なし
G184: ⑦ | H184: 担保に供している資産 | X184: 有・無・該当なし
G185: ⑧ | H185: 有形固定資産の取得価額、減価償却累計額及び当期末残高（貸借対照表上、間接法で表示している場合は記載不要） | X185: 有 ・ 無 ・ 省略
G186: ⑨ | H186: 債権額、徴収不能引当金の当期末残高、債権の当期末残高（貸借対照表上、間接法で表示している場合は記載不要。） | X186: 有 ・ 無 ・ 省略
G187: ⑩ | H187: 満期保有目的の債券の内訳並びに帳簿価額、時価及び評価損益 | X187: 有・無・該当なし
G188: ⑪ | H188: 重要な後発事象 | X188: 有・無・該当なし
G189: ⑫ | H189: その他社会福祉法人の資金収支及び純資産増減の状況並びに資産、負債及び純資産の状態を明らかにするために必要な事項 | X189: 有・無・該当なし
...

Sheet 会計(限定事項)
F1: 施設名 | M1: =IF(表紙!J7="","",表紙!J7)
F2: ※施設名は自動表示されます。
A4: 令和８年度 指導監査事前提出資料 相模原市指導監査基準 軽費老人ホーム(ケアハウス)編対応 (軽費老人ホーム(ケアハウス)限定事項) ～ 会 計 ～
A8: 項 目 | B8: 監査事項 | D8: 監査内容 | F8: 自主点検記入欄 | AB8: ※結果
AF9: いない・いる・実績なし
A10: ９ 特定施設入居者生活介護に係る指定居宅サービス事業者の指定を受けた軽費老人ホームの資金の運用について (１)資金の運用について | B10: 18 | C10: 当該施設に帰属する収入を不適切な経費に充てていないこと。 | D10: 指定居宅サービス等に要する費用の額は、指定居宅サービス等に要する費用の額を主たる財源とする施設の運営に要する経費など資金の使途については、原則として制限を設けない。 ただし、特定施設入居者生活介護に係る指定居宅サービス事業者の指定を受けた軽費老人ホームは、軽費老人ホームが老人福祉法第２０条の６に規定する施設であることから、特定施設入居者生活介護に係る指定居宅サービス事業者の指定を受けた施設に帰属する収入を次に掲げる経費に充てることはできない。 (１)収益事業に要する経費 (２)当該軽費老人ホームを経営する社会福祉法人外への資金の流出(貸付を含む。)に属する経費 (３)高額な役員報酬など実質的な剰余金の配当と認められる経費 | G10: ◎いずれかを選択→ | N10: いない・いる・実績なし | AB10: 適・否 （ ） | AF10: いない
AF11: いる
AF12: 実績なし
G15: ◆繰入れ先の状況(前年度決算)
G17: 繰入れ先名称
AF27: いる・いない・実績なし
A28: (２)運用上の留意事項について (ア)資金の繰入れ | B28: 19 | C28: 資金の繰入れを適切に行っていること。 | D28: 指定居宅サービス等に要する費用の額を主たる財源とする資金の繰入れについては、健全な施設運営を確保する観点から、当該特定施設入居者生活介護に係る指定居宅サービス事業者の指定を受けた軽費老人ホームの事業活動資金収支差額に資金残高が生じ、かつ、当期資金収支差額合計に資金不足が生じない範囲内において、他の社会福祉事業等又は公益事業へ資金を繰り入れても差し支えない。 なお、当該法人が行う当該特定施設入居者生活介護に係る指定居宅サービス事業者の指定を受けた軽費老人ホーム以外の介護保険法第２３条に規定する居宅サービス等の事業への資金の繰入れについては、当期末支払資金残高に資金不足が生じない範囲内において、資金を繰り入れても差し支えない。 | G28: ◎いずれかを選択→ | N28: いる・いない・実績なし | AB28: 適・否 （ ） | AF28: いる
AF29: いない
AF30: 実績なし
G32: ◆資金の繰入れの状況(前年度決算)
G34: 事業活動資金収支差額 | N34: 当期資金収支差額合計 | U34: 当期末支払資金残高
L35: 円 | S35: 円 | Z35: 円
G38: 繰入れ先の事業名等 | U38: 繰入額
Z39: 円
Z40: 円
Z41: 円
A49: （イ）資金の積立て等 | B49: 20 | C49: 次期繰越活動収支差額に余剰が生じる場合には、安定的な経営の確保及び財務状況の透明性の確保の向上を図る観点から、事業計画を作成の上、その範囲内で将来の特定の目的のために、積立金を積み立てるよう努めていること。 | D49: 積立金は、例えば、以下のようなものが考えられる。 （1）施設整備等積立金（建物、設備及び機械器具等備品の整備・修繕、環境の改善等に要する費用、及び増改築に伴う土地取得に要する費用に係る積立金） （2）人件費積立金（人件費の類に属する経費に係る積立金） | G49: ◎いずれかを選択→ | N49: いる・いない・実績なし | AB49: 適・否 （ ）
A58: （ウ）資金の繰替使用 | B58: 21 | C58: 資金の繰替使用を適切に行っていること。 | D58: 指定居宅サービス等に要する費用の額を主たる財源とする資金を他の社会福祉事業等又は公益事業若しくは収益事業へ一時繰替使用することは、差し支えない。 ただし、当該法人が行う当該特定施設入居者生活介護に係る指定居宅サービス事業者の指定を受けた軽費老人ホーム以外の介護保険法第２３条に規定する居宅サービス等の事業へ繰替使用した場合を除き、繰替えて使用した資金は、当該年度内に補てんしなければならない。 | G58: ◎いずれかを選択→ | N58: いる・いない・実績なし | AB58: 適・否 （ ）
G61: ◆繰替使用の状況(前年度決算)
AF62: 未・済
G63: 繰替使用先 | O63: 繰替使用額 | U63: 年度内補てん | AF63: 未
T64: 円 | U64: 未・済 | AF64: 済
T65: 円 | U65: 未・済
T66: 円 | U66: 未・済
A69: （エ）役員等の報酬 | B69: 22 | C69: 役員等の報酬が、社会的批判を受けるような高額又は多額なものでないこと。 | D69: 指定居宅サービス等に要する費用の額を主たる財源とする法人役員及び評議員の報酬について、その報酬が当該社会福祉法人の収支の状況からみてあまり多額になると、実質的配当とみなされ、国民の信頼と期待を損なうおそれがある。 社会福祉法人は、きわめて公共性の高い法人であることから、このような法人に属する役員等の報酬が、社会的批判を受けるような高額又は多額なものであってはならない。 | G69: ◎いずれかを選択→ | N69: でない・である | AB69: 適・否 （ ） | AF69: でない・である
AF70: でない
AF71: である
A78: （オ）適正な会計処理 | B78: 23 | C78: 各介護保険会計年度における事業活動収支及び資金収支は、長期的かつ継続的な事業運営の確保に留意しつつ、収入、支出の均衡を図り、当該特定施設入居者生活介護に係る指定居宅サービス事業者の指定を受けた軽費老人ホームの健全な運営に必要な額以上の収支差額を生じていないこと。 | G78: ◎いずれかを選択→ | N78: いない・いる | AB78: 適・否 （ ） | AF78: いない・いる
AF79: いない
AF80: いる
A89: １０ その他 | B89: 24 | C89: 施設利用者から預かっている金銭等は、法人に係る会計とは別途管理していること。 | D89: 施設利用者から預かる金銭等は、法人に係る会計とは別途管理することとするが、この場合においても内部牽制に配意する等、個人ごとに適正な出納管理を行っていること。 なお、将来のサービス提供に係る対価の前受分として利用者から預かる金銭は法人に係る会計に含めて処理するものとする。 | G89: ◎いずれかを選択→ | N89: いる・いない | AB89: 適・否 （ ） | AF89: いる・いない
AF90: いる
AF91: いない
B97: 25 | C97: 居住に要する費用の管理を適正におこなっていること。 | D97: （１）「居住に要する費用」について、一括支払い方式、分割支払い方式、併用支払い方式のうち、利用者本人の意向に十分配慮しつつ、原則として分割支払い方式をとるよう努めていること。また、居住に要する費用については、正しく計算書に計上していること。 | G97: ◎いずれかを選択→ | N97: いる・いない | AB97: 適・否 （ ）
D103: （２）入所者が一定の期間（２０年を標準）未満の期間以内に退所した場合、一括支払い方式で支払われた「居住に要する費用」又は、併用支払い方式による一括納入金を、一定の期間(２０年を標準）から経過期間を差し引いた期間に応じ、均等払いで、退所後に利用者へ返還されていること。また返還額について、月割で算定していること。
B110: 26 | C110: 会計に関する諸記録を整備し、必要年数保存していること。 | D110: 会計に関する次に揚げる諸記録を整備し、必要年数保存していること。 (１)収支予算及び収支決算に関する書類 (２)金銭の出納に関する記録 (３)債権債務に関する記録 (４)物品受払に関する記録 (５)収入支出に関する記録 (６)資産に関する記録 (７)証拠書類綴 なお、文書の保存期間については、他法令等の規定により保存期間が定められている場合は、その保存期間とすること。 （社会福祉法第４５条の２４） 社会福祉法人は、会計帳簿の閉鎖の時から１０年間、その会計帳簿及びその事業に関する重要な資料を保存しなければならない。 | G110: ◎いずれかを選択→ | N110: いる・いない | AB110: 適・否 （ ）
I113: (１)収支予算及び収支決算に関する書類
I114: (２)金銭の出納に関する記録
I115: (３)債権債務に関する記録
I116: (４)物品受払に関する記録
I117: (５)収入支出に関する記録
I118: (６)資産に関する記録
I119: (７)証拠書類綴

Sheet 会計点検資料
A1: １ 契約の状況（前年度） | AV1: 会計点検資料１
AQ2: 施設名 | AV2: =IF(表紙!J7="","",表紙!J7)
A3: （１） 業務委託・工事等の支払い状況（５０万円（年間支払額）以上）
A4: 契約名称 | H4: 契約相手方 | N4: 契約年月日 | S4: 契約金額 | Y4: 業者選定方法※ | AB4: 指名競争入札又は 随意契約の理由 （経理規程の条番号） | AH4: 契約書 又は請書 | AK4: 固定資産への計上 | AN4: 理事会承認又は 理事長による専決 | AV4: 備考 | BE4: 市使用欄（※施設の方は、この枠内を変更しないでください。）
BF5: 有 ・ 無 | BG5: 理事会承認 ・ 専決 ・ 無
A6: 【記載例】 ○○工事 | H6: ○○株式会社 | N6: ○年○月○日 | S6: ○○○ | X6: 円 | Y6: （２） | AB6: 第○条○項○号 | AH6: 有 | AK6: 有 | AN6: 理事会承認 | AV6: ○○拠点と××拠点で按分 | BE6: （１） | BF6: 有 | BG6: 理事会承認
AN7: ○年○月○日 | BE7: （２） | BF7: 無 | BG7: 専決
X8: 円 | AB8: 第 条 項 号 | AH8: 有 ・ 無 | AK8: 有 ・ 無 | AN8: 理事会承認 ・ 専決 ・ 無 | BE8: （３） | BG8: 無
AN9: 年 月 日 | BE9: （４）
X10: 円 | AB10: 第 条 項 号 | AH10: 有 ・ 無 | AK10: 有 ・ 無 | AN10: 理事会承認 ・ 専決 ・ 無 | BE10: （５）
AN11: 年 月 日 | BE11: （６）
X12: 円 | AB12: 第 条 項 号 | AH12: 有 ・ 無 | AK12: 有 ・ 無 | AN12: 理事会承認 ・ 専決 ・ 無
AN13: 年 月 日
X14: 円 | AB14: 第 条 項 号 | AH14: 有 ・ 無 | AK14: 有 ・ 無 | AN14: 理事会承認 ・ 専決 ・ 無
AN15: 年 月 日
X16: 円 | AB16: 第 条 項 号 | AH16: 有 ・ 無 | AK16: 有 ・ 無 | AN16: 理事会承認 ・ 専決 ・ 無
AN17: 年 月 日
X18: 円 | AB18: 第 条 項 号 | AH18: 有 ・ 無 | AK18: 有 ・ 無 | AN18: 理事会承認 ・ 専決 ・ 無
AN19: 年 月 日
X20: 円 | AB20: 第 条 項 号 | AH20: 有 ・ 無 | AK20: 有 ・ 無 | AN20: 理事会承認 ・ 専決 ・ 無
AN21: 年 月 日
A23: （２） 物品等の購入状況（３０万円以上）
A24: 契約名称 | H24: 契約相手方 | N24: 契約年月日 | S24: 契約金額 | Y24: 業者選定方法※ | AB24: 指名競争入札又は 随意契約の理由 （経理規程の条番号） | AH24: 契約書 又は請書 | AK24: 固定資産への計上 | AN24: 理事会承認又は 理事長による専決 | AV24: 備考
X26: 円 | AB26: 第 条 項 号 | AH26: 有 ・ 無 | AK26: 有 ・ 無 | AN26: 理事会承認 ・ 専決 ・ 無
AN27: 年 月 日
X28: 円 | AB28: 第 条 項 号 | AH28: 有 ・ 無 | AK28: 有 ・ 無 | AN28: 理事会承認 ・ 専決 ・ 無
AN29: 年 月 日
X30: 円 | AB30: 第 条 項 号 | AH30: 有 ・ 無 | AK30: 有 ・ 無 | AN30: 理事会承認 ・ 専決 ・ 無
AN31: 年 月 日
X32: 円 | AB32: 第 条 項 号 | AH32: 有 ・ 無 | AK32: 有 ・ 無 | AN32: 理事会承認 ・ 専決 ・ 無
AN33: 年 月 日
X34: 円 | AB34: 第 条 項 号 | AH34: 有 ・ 無 | AK34: 有 ・ 無 | AN34: 理事会承認 ・ 専決 ・ 無
AN35: 年 月 日
X36: 円 | AB36: 第 条 項 号 | AH36: 有 ・ 無 | AK36: 有 ・ 無 | AN36: 理事会承認 ・ 専決 ・ 無
AN37: 年 月 日
X38: 円 | AB38: 第 条 項 号 | AH38: 有 ・ 無 | AK38: 有 ・ 無 | AN38: 理事会承認 ・ 専決 ・ 無
AN39: 年 月 日
A41: ※ 「業者選定方法」の欄は、次の契約方法の中から該当する番号を記載してください。（契約締結時） （１）一般競争入札 （２）指名競争入札 （３）見積合せ（３社以上）による随意契約 （４）見積合せ（２社）による随意契約 （５）見積合せによらない特定の１社との随意契約 （６）その他

Sheet 会計「計算書類等提出確認表」
A1: 会計 計算書類等提出確認表
A2: 施設名 | B2: =IF(表紙!J7="","",表紙!J7)
A4: ・計算書類等と一緒に御提出ください。 ・該当する事由がなく、作成を省略している書類は提出不要です。
A9: 書類名 | C9: 様式※ | D9: 確認欄
A10: １ 計算書類（令和７年度決算分）
B11: (1)資金収支計算書 | C11: 第１号第４様式 | D11: 有・無
B12: (2)事業活動計算書 | C12: 第２号第４様式 | D12: 有・無
B13: (3)貸借対照表 | C13: 第３号第４様式 | D13: 有・無
B14: (4)計算書類に対する注記（拠点区分用） | C14: 別紙２ | D14: 有・無
A15: ２ 附属明細書(令和７年度決算分)
B16: (5)借入金明細書 | C16: 別紙３① | D16: 有・無
B17: (6)寄附金収益明細書 | C17: 別紙３② | D17: 有・無
B18: (7)補助金事業等収益明細書 | C18: 別紙３③ | D18: 有・無
B19: (8)事業区分間及び拠点区分間繰入金明細書 | C19: 別紙３④ | D19: 有・無
B20: (9)事業区分間及び拠点区分間貸付金（借入金）残高明細書 | C20: 別紙３⑤ | D20: 有・無
B21: (10)基本金明細書 | C21: 別紙３⑥ | D21: 有・無
B22: (11)国庫補助金等特別積立金明細書 | C22: 別紙３⑦ | D22: 有・無
B23: (12)基本財産及びその他の固定資産の明細書 | C23: 別紙３⑧ | D23: 有・無
B24: (13)引当金明細書 | C24: 別紙３⑨ | D24: 有・無
B25: (14)拠点区分資金収支明細書 | C25: 別紙３⑩ | D25: 有・無
B26: (15)拠点区分事業活動明細書 | C26: 別紙３⑪ | D26: 有・無
B27: (16)積立金・積立資産明細書 | C27: 別紙３⑫ | D27: 有・無
... B30: (19)固定資産管理台帳 | C30: - | D30: 有・無
A31: ３ その他（令和８年３月末日現在）
B32: (20)財産目録 | C32: 別紙４ | D32: 有・無
B33: (21)金融機関が発行した残高証明の写し | C33: - | D33: 有・無
A34: ※第１～３号：「社会福祉法人会計基準」（平成２８年３月３１日号外厚生労働省令第７９号）
A36: ※別紙１～４：「社会福祉法人会計基準の制定に伴う会計処理等に関する運用上の取扱いについて」（平成２８年３月３１日厚児発０３３１第１５号・社援発０３３１第３９号・老発０３３１第４５号 局長連名通知

Sheet 決算書自己点検シート
A2: 決算書（令和7年度分）自己点検シート（計算書類等の基本的な勘定科目残高と整合性の確認）
AA5: 施設名 | AG5: =IF([1]表紙!J5="","",[1]表紙!J5)
A10: １ 貸借対照表の借方と貸方の残高の整合性
B13: 帳票名 | L13: 勘定科目名 | Y13: 残高 単位（円） | AH13: 判定（○・差異）
B15: 貸借対照表 | L15: 資産の部合計 | AH15: =IF(Y15=Y17,"○",Y15-Y17) -> ○
L17: 負債及び純資産の部合計
A21: ２ 貸借対照表と資金収支計算書の支払資金の整合性
B24: 貸借対照表 | L24: (流動資産－流動負債)の額(注1) | Y24: =B33-(G33-L33-Y33-AD33-AK33) -> 0 | AH24: =IF(Y24=Y26,"○",Y24-Y26) -> ○
B26: 資金収支計算書 | L26: 当期末支払資金残高
B29: 【貸借対照表】（注１）
B31: 流動資産 | G31: 流動負債 | L31: 1年以内返済予定借入金(リース債務を含む) | Y31: 賞与引当金 | AD31: その他，資産勘定はマイナス入力
A37: ３ 貸借対照表と事業活動計算書の繰越活動増減差額の整合性
B40: 貸借対照表 | L40: 次期繰越活動増減差額 | AH40: =IF(Y40=Y42,"○",Y40-Y42) -> ○
B42: 事業活動計算書 | L42: 次期繰越活動増減差額
A46: ４ 貸借対照表（うち当期活動増減差額）と事業活動計算書の当期活動増減差額の整合性
B49: 貸借対照表 | L49: （うち当期活動増減差額） | AH49: =IF(Y49=Y51,"○",Y49-Y51) -> ○
B51: 事業活動計算書 | L51: 当期活動増減差額
A55: ５ 貸借対照表と財産目録の純資産の整合性（法人全体）
B58: 貸借対照表 | L58: 純資産の部合計(資産の部合計) | AH58: =IF(Y58=Y60,"○",Y58-Y60) -> ○
B60: 財産目録 | L60: 差引純資産(資産合計)
A64: ６ 貸借対照表と財産目録の基本財産の整合性(定款の基本財産に係る条項の記載のとおりに計上されているか)（法人全体）
B67: 貸借対照表 | L67: 固定資産の基本財産 | AH67: =IF(Y67=Y69,"○",Y67-Y69) -> ○
B69: 財産目録 | L69: 固定資産の基本財産合計
A73: ７ 貸借対照表と固定資産管理台帳の整合性
B76: 貸借対照表 | L76: 固定資産(基本財産及びその他の固定資産で管理台帳に計上しているもの)の合計額(注２) | Y76: =SUM(B85:AO86) -> 0 | AH76: =IF(Y76=Y78,"○",Y76-Y78) -> ○
B78: 固定資産台帳 | L78: 期末帳簿価額
B81: 【貸借対照表】（注２）
B83: 固定資産の基本財産 | F83: 基本財産以外の土地 | J83: 基本財産以外の建物 | N83: 構築物 | R83: 機械及び装置 | V83: 車輌運搬具 | Z83: 器具及び備品 | AD83: 権利 | AH83: ソフトウェア | AL83: その他（固定資産）
B88: 貸借対照表 | L88: 国庫補助金等特別積立金 | AH88: =IF(Y88=Y90,"○",Y88-Y90) -> ○
B90: 固定資産台帳 | L90: 期末帳簿価額(うち国庫補助金等の額)の合計
A94: ８ 事業活動計算書と固定資産管理台帳の減価償却費及び国庫補助金等積立金取崩額の整合性
B97: 事業活動計算書 | L97: 減価償却費 | AH97: =IF(Y97=Y99,"○",Y97-Y99) -> ○
B99: 固定資産管理台帳 | L99: 当期減価償却額の合計
B102: 事業活動計算書 | L102: 国庫補助金等特別積立金取崩額 | AH102: =IF(Y102=Y104,"○",Y102-Y104) -> ○
B104: 固定資産管理台帳 | L104: 当期減価償却額(うち国庫補助金等の額)の合計
A108: ９ 前年度事業活動計算書の次期繰越活動差額と事業活動計算書（令和８年３月末決算）前期繰越活動差額の整合性
B111: 事業活動計算書（前年度） | L111: 次期繰越活動増減差額 | AH111: =IF(Y111=Y113,"○",Y111-Y113) -> ○
B113: 事業活動計算書（令和８年３月末決算） | L113: 前期繰越活動増減差額
A117: １０ 前年度貸借対照表の当期末の額と貸借対照表（令和８年３月末決算）の前期末の額の整合性
B120: 貸借対照表（前年度）当期末の額 | L120: 流動資産 | AH120: =IF(Y120=Y122,"○",Y120-Y122) -> ○
B122: 貸借対照表（令和８年３月末決算）前期末の額 | L122: 流動資産
B125: 貸借対照表（前年度）当期末の額 | L125: 固定資産「基本財産」 | AH125: =IF(Y125=Y127,"○",Y125-Y127) -> ○
B127: 貸借対照表（令和８年３月末決算）前期末の額 | L127: 固定資産「基本財産」
B130: 貸借対照表（前年度）当期末の額 | L130: 固定資産「その他の固定資産」 | AH130: =IF(Y130=Y132,"○",Y130-Y132) -> ○
B132: 貸借対照表（令和８年３月末決算）前期末の額 | L132: 固定資産「その他の固定資産」
A135: １１ 貸借対照表現金預金と現金出納帳・残高証明書の合計の整合性
B138: 現金出納簿と残高証明書記載額の合計 | L138: 現金預金 | Y138: =SUM(F147:AI148) -> 0 | AH138: =IF(Y138=Y140,"○",Y138-Y140) -> ○
B140: 貸借対照表(令和８年３月末決算） | L140: 現金預金
B144: 現金出納簿(期末残高） | F144: 簿冊数 | I144: 冊 | J144: 残高証明書 (期末残高） | N144: 金融機関名 | R144: 金融機関名 | V144: 金融機関名 | Z144: 金融機関名 | AD144: 金融機関名 | AH144: 金融機関名 | AL144: ※枠が足りない場合は別紙で作成ください。
A149: ※ 差異がある場合は原因を調べてください。計算書類と付属明細書の整合性チェックを会計ソフト等で行っている法人は、このチェックに代わり、その結果を添付してください。
A155: (注1) 流動資産及び流動負債から次のものを除いた金額で算出します。
B156: ① 1年基準により固定資産又は固定負債から振り替えられたもの。
B157: ② 引当金(流動資産から控除されている徴収不能引当金は足戻し、流動負債に計上されている引当金は除く。)
B158: ③ 棚卸資産(貯蔵品は除く。)
